Workbook
Name ejecucion: #REF!
Name Ejecución_administración_de_procesos: 'Atributos '!$A$17:$A$26
Name EventoExterno: 'Atributos '!$F$17
Name F_RIESGO: Tabla4[#All]
Name FRIESGO: Tabla4[#All]
Name Infraestructura: 'Atributos '!$E$17
Name TalentoHumano: 'Atributos '!$C$17:$C$21
Name Tecnología: 'Atributos '!$D$17:$D$22
Name Transacción_u_Operación_aplica_para_LAFTFP: 'Atributos '!$B$17:$B$21

Sheet MATRIZ INSTITUCIONAL DE RIESGOS
A1: Mapa Riesgos Institucional Gestión, Seguridad de la información, Fiscales y riesgos de integridad publica | AV1: Código: SIG-M06 | FY1: Impacto | FZ1: tipologia del riesgo | GA1: clasificación del riesgo | GB1: Criterios de impacto | GC1: Afectación | GD1: tipo | GE1: Implementación | GF1: Documentación | GG1: Frecuencia | GH1: Evidencia | GI1: Tratamiento | GJ1: Estado
AV2: Versión: 09 | FY2: Reputacional | FZ2: Gestión | GA2: Ejecución y Administración de Procesos | GB2: GESTIÓN Y SEGURIDAD DE LA INFORMACIÓN | GC2: Probabilidad | GD2: Preventivo | GE2: Automático | GF2: Documentado | GG2: Contínua | GH2: Con registro | GI2: Aceptar | GJ2: Finalizado
AV3: Actualizacion: 01/08/2026 | FY3: Económico | FZ3: Corrupción | GA3: Fraude externo | GB3: Afectación Económica (o presupuestal) | GC3: Impacto | GD3: Detectivo | GE3: Manual | GF3: Sin documentar | GG3: Aleatoria | GH3: Sin registro | GI3: Evitar | GJ3: En curso
A4: Proceso: | FY4: Reputacional y económico | FZ4: Seguridad de la información | GA4: Fraude interno | GB4: Afectación menor a 10 SMLMV | GD4: Correctivo | GI4: Reducir (Compartir)
A5: Objetivo: | GA5: Fallas tecnológicas | GB5: Entre 10 y 50 SMLMV | GI5: Reducir (Mitigar)
A6: Alcance: | GA6: Fiscales | GB6: Entre 50 y 100 SMLMV
A7: Identificación del riesgo | P7: Análisis del riesgo inherente | V7: Evaluación del riesgo - Valoración de los controles | AF7: Evaluación del riesgo - Nivel del riesgo residual | AP7: Plan de Acción | GA7: Contables | GB7: Entre 100 y 500 SMLMV | GE7: Automatico y Manual
A8: Referencia | B8: Proceso | C8: Factor De Riesgo | D8: Fuente Generadora Del Evento | E8: Descripción Del Tipo De Factor De Riesgo | F8: Tipología | G8: Clasificación del riesgo | H8: IMPACTO | I8: Causa inmediata | J8: Causa raíz | K8: Descripción del riesgo | L8: Procedimiento o documento asociado | M8: Clasificación del riesgo | N8: Activo de información | O8: Frecuencia con la que se realiza la actividad | P8: Probabilidad inherente | Q8: % | R8: Criterios de impacto | S8: Impacto inherente | T8: % | U8: Zona de riesgo inherente | V8: N° control | W8: Descripción del control | X8: Afectación | Y8: tipo | Z8: Implementación | AA8: Calificación | AB8: Documentación | AC8: Frecuencia | AD8: Evidencia (Trazabilidad de la ejecución) | AE8: Ejecución | AF8: Probabilidad residual | AG8: % Probabilidad Residual Final | AJ8: Impacto residual | AK8: % Impacto Residual Final | AN8: Zona de riesgo Final | AO8: Tratamiento | AP8: Plan de acción | AQ8: Responsable | AR8: Fecha de implementación | AS8: Fecha de seguimiento Inicio/Fin | AT8: Seguimientos realizados | AU8: Estado | AV8: Indicador | AW8: Desempeño del control | AX8: I SEGUIMIENTO RIESGOS A ABRIL 30 | AY8: II SEGUIMIENTO A AGOSTO 30 | GA8: Relaciones laborales Usuarios, productos y prácticas | GB8: Mayor a 500 SMLMV
A9: 1 | B9: GESTION GERENCIAL | C9: Ejecución_administración_de_procesos | D9: Falta de aplicación de los procedimientos | E9: =IFERROR(VLOOKUP(C9,Tabla4[#All],2,0),"") -> Eventos relacionados con la ejecución de los procesos y procedimientos determinados para la operación de la entidad, uso de sistemas de información, por errores en las actividades que deben realizar los servidores de la organización. Estructura organizacional que afecta la capacidad organizacional | F9: Gestión | G9: Ejecución y Administración de Procesos | H9: Reputacional y económico | I9: Sanciones disciplinarias e investigaciones por parte de los organismos de control | J9: emisión de políticas institucionales sin los requerimientos de ley. | K9: Posibilidad de afectación económica y reputacional por sanciones disciplinarias e investigaciones por parte de los organismos de control debido a la emisión de políticas institucionales sin los requerimientos de ley. | L9: PROCEDIMIENTO PARA LA PLANEACCIÓN ESTRATEGICA | M9: Ejecución y Administración de Procesos | N9: n/a | O9: 1 | P9: =IF(AND(O9<=2),"Muy Baja",IF(AND(O9>=3,O9<=23),"Baja",IF(AND(O9>=24,O9<=499),"Media",IF(AND(O9>=500,O9<=4999),"Alta",IF(AND(O9>=5000),"Muy Alta",FALSE))))) -> Muy Baja | Q9: =IF(AND(O9<=2),"20%",IF(AND(O9>=3,O9<=23),"40%",IF(AND(O9>=24,O9<=499),"60%",IF(AND(O9>=500,O9<=4999),"80%",IF(AND(O9>=5000),"100%",FALSE))))) -> 20% | R9: Afectación menor a 10 SMLMV | S9: =IF(AND(R9=$GB$4),"Leve",IF(AND(R9=$GB$5),"Menor",IF(AND(R9=$GB$6),"Moderado",IF(AND(R9=$GB$7),"mayor",IF(AND(R9=$GB$8),"Catastrófico",IF(AND(R9=$GB$10),"Leve",IF(AND(R9=$GB$11),"Menor",IF(AND(R9=$GB$12),"Moderado",IF(AND(R9=$GB$13),"Mayor",IF(AND(R9=$GB$14),"Catastrófico",FALSE)))))))))) -> Leve | T9: =IF(AND(S9="Leve"),"20%",IF(AND(S9="Menor"),"40%",IF(AND(S9="Moderado"),"60%",IF(AND(S9="Mayor"),"80%",IF(AND(S9="Catastrófico"),"100%",""))))) -> 20% | U9: =INDEX('MATRIZ DE CALOR '!$D$6:$H$10,MATCH(P9,'MATRIZ DE CALOR '!$C$6:$C$10,),MATCH(S9,'MATRIZ DE CALOR '!$D$5:$H$5,)) -> Bajo | V9: 1 | W9: El Director del ITA verifica las competencias, la misión institucional, estudios sectoriales y lineas de acción de las inversiones para no incurrir en un objeto que se salga de las funciones como organismo de tránsito con el fin de determinar el plan estratégico y su alcance dejando como evidencia el plan de acción, presupuesto aprobado y acta de autorización de junta | X9: Probabilidad | Y9: Preventivo | Z9: Manual | AA9: =IF(AND(Y9=$GD$2,Z9=$GE$2),"50%",IF(AND(Y9=$GD$2,Z9=$GE$3),"40%",IF(AND(Y9=$GD$3,Z9=$GE$2),"40%",IF(AND(Y9=$GD$3,Z9=$GE$3),"30%",IF(AND(Y9=$GD$4,Z9=$GE$2),"35%",IF(AND(Y9=$GD$4,Z9=$GE$3),"25%","")))))) -> 40% | AB9: Combinación análisis documental y sistemas de información de apoyo | AC9: Anual | AD9: Con registro manual | AE9: Interna | AF9: =IFERROR(IF(X9="Probabilidad",(Q9-(+Q9*AA9)),IF(X9="Impacto",Q9,"")),"") -> 0.12 | AG9: =LOOKUP(2,1/(AF9:AF14<>""),AF9:AF14) -> 0.0432 | AH9: =AG9*1 -> 0.0432 | AI9: =IF(AND(AH9<=20%),"Muy Baja",IF(AND(AH9>=21%,AH9<=40%),"Baja",IF(AND(AH9>=41%,AH9<=60%),"Media",IF(AND(AH9>=61%,AH9<=80%),"Alta",IF(AND(AH9>=81%,AH9>=100%),"Muy Alta",FALSE))))) -> Muy Baja | AJ9: =IFERROR(IF(X9="Impacto",(T9-(+T9*AA9)),IF(X9="Probabilidad",T9,"")),"") -> 20% | AK9: =LOOKUP(2,1/(AJ9:AJ14<>""),AJ9:AJ14) -> 20% | AL9: =AK9*1 -> 0.2 | AM9: =CHOOSE((AL9>=0%)+(AL9>=21%)+(AL9>=41%)+(AL9>=61%)+(AL9>=81%),"Leve","Menor","Moderado","Mayor","Catastrófico") -> Leve | AN9: =INDEX('MATRIZ DE CALOR '!$D$6:$H$10,MATCH(AI9,'MATRIZ DE CALOR '!$C$6:$C$10,),MATCH(AM9,'MATRIZ DE CALOR '!$D$5:$H$5,)) -> Bajo | AO9: Reducir (Mitigar) | AV9: Polìticas institucionales llevadas a cabo dentro del los requisitos | AW9: Según el seguimiento | AX9: ACTUALMENTE SE ESTAN REVISANDO MISION, VISION, VALORES, POLITICAS PARA ACTUALIZARLO. | GA9: Seguridad digital | GB9: Pérdida Reputacional
V10: 2 | W10: La subdirección adminsitrativa y financiera y el profesional de contratación verifican que las políticas a implementar estén alineadas con las inversiones aprobadas en el presupuesto y la normatividad vigente | X10: Probabilidad | Y10: Preventivo | Z10: Manual | AA10: =IF(AND(Y10=$GD$2,Z10=$GE$2),"50%",IF(AND(Y10=$GD$2,Z10=$GE$3),"40%",IF(AND(Y10=$GD$3,Z10=$GE$2),"40%",IF(AND(Y10=$GD$3,Z10=$GE$3),"30%",IF(AND(Y10=$GD$4,Z10=$GE$2),"35%",IF(AND(Y10=$GD$4,Z10=$GE$3),"25%","")))))) -> 40% | AF10: =IFERROR(IF(AND(X9="Probabilidad",X10="Probabilidad"),(AF9-(+AF9*AA10)),IF(X10="Probabilidad",(Q9-(+Q9*AA10)),IF(X10="Impacto",AF9,""))),"") -> 0.072 | AJ10: =IFERROR(IF(AND(X9="Impacto",AA10="Impacto"),(AJ9-(+AJ9*AA10)),IF(X10="Impacto",(T9-(+T9*AA10)),IF(X10="Probabilidad",AJ9,""))),"") -> 20% | GA10: Daños a activos fijos | GB10: El riesgo afecta la imagen de alguna área de la organización
V11: 3 | W11: La junta directiva aprueba las políticas institucionales con las cuales se emitirán las líneas estratégicas y operativas dejando con evidencia actas de juntas directiva | X11: Probabilidad | Y11: Preventivo | Z11: Manual | AA11: =IF(AND(Y11=$GD$2,Z11=$GE$2),"50%",IF(AND(Y11=$GD$2,Z11=$GE$3),"40%",IF(AND(Y11=$GD$3,Z11=$GE$2),"40%",IF(AND(Y11=$GD$3,Z11=$GE$3),"30%",IF(AND(Y11=$GD$4,Z11=$GE$2),"35%",IF(AND(Y11=$GD$4,Z11=$GE$3),"25%","")))))) -> 40% | AF11: =IFERROR(IF(AND(X10="Probabilidad",X11="Probabilidad"),(AF10-(+AF10*AA11)),IF(X11="Probabilidad",(Q10-(+Q10*AA11)),IF(X11="Impacto",AF10,""))),"") -> 0.0432 | AJ11: =IFERROR(IF(AND(X10="Impacto",AA11="Impacto"),(AJ10-(+AJ10*AA11)),IF(X11="Impacto",(T10-(+T10*AA11)),IF(X11="Probabilidad",AJ10,""))),"") -> 20% | GA11: Soborno | GB11: El riesgo afecta la imagen de la entidad internamente, de conocimiento general, nivel interno, de junta dircetiva y accionistas y/o de provedores
GA12: Integridad Publica | GB12: El riesgo afecta la imagen de la entidad con algunos usuarios de relevancia frente al logro de los objetivos
GB13: El riesgo afecta la imagen de de la entidad con efecto publicitario sostenido a nivel de sector administrativo, nivel departamental o municipal
AA14: =IF(AND(Y14=$GD$2,Z14=$GE$2),"50%",IF(AND(Y14=$GD$2,Z14=$GE$3),"40%",IF(AND(Y14=$GD$3,Z14=$GE$2),"40%",IF(AND(Y14=$GD$3,Z14=$GE$3),"30%",IF(AND(Y14=$GD$4,Z14=$GE$2),"35%",IF(AND(Y14=$GD$4,Z14=$GE$3),"25%","")))))) | AF14: =IFERROR(IF(AND(X13="Probabilidad",X14="Probabilidad"),(AF13-(+AF13*AA14)),IF(X14="Probabilidad",(Q13-(+Q13*AA14)),IF(X14="Impacto",AF13,""))),"") | AJ14: =IFERROR(IF(AND(X13="Impacto",AA14="Impacto"),(AJ13-(+AJ13*AA14)),IF(X14="Impacto",(T13-(+T13*AA14)),IF(X14="Probabilidad",AJ13,""))),"") | GB14: El riesgo afecta la imagen de la entidad a nivel nacional, con efecto publicitarios sostenible a nivel país
A15: 2 | B15: Gestión Gerencial | C15: Ejecución_administración_de_procesos | D15: Falta de aplicación de los procedimientos | E15: =IFERROR(VLOOKUP(C15,Tabla4[#All],2,0),"") -> Eventos relacionados con la ejecución de los procesos y procedimientos determinados para la operación de la entidad, uso de sistemas de información, por errores en las actividades que deben realizar los servidores de la organización. Estructura organizacional que afecta la capacidad organizacional | F15: Gestión | G15: Ejecución y Administración de Procesos | H15: Reputacional y económico | I15: sanciones disciplinarias e investigaciones por parte de los organismos de control | J15: incumplimiento del plan estratégico institucional (Plataforma estratégica: misión, visión, principios, valores, objetivos estratégicos, objetivos institucionales y metas ) y el presupuesto para su consecución | K15: Posibilidad de afectación económica y reputacional por sanciones disciplinarias e investigaciones por parte de los organismos de control debido al incumplimiento del plan estratégico institucional (Plataforma estratégica: misión, visión, principios, valores, objetivos estratégicos, objetivos institucionales ) y metas institucionales debido a la interrupción en la ejecución y avance de los planes institucionales y estratégicos por no contar con los recursos suficientes para su ejecución y la sobreestimación del presupuesto. | L15: PROCEDIMIENTO PARA LA PLANEACCIÓN ESTRATEGICA | M15: Ejecución y Administración de Procesos | N15: n/a | O15: 4 | P15: =IF(AND(O15<=2),"Muy Baja",IF(AND(O15>=3,O15<=23),"Baja",IF(AND(O15>=24,O15<=499),"Media",IF(AND(O15>=500,O15<=4999),"Alta",IF(AND(O15>=5000),"Muy Alta",FALSE))))) -> Baja | Q15: =IF(AND(O15<=2),"20%",IF(AND(O15>=3,O15<=23),"40%",IF(AND(O15>=24,O15<=499),"60%",IF(AND(O15>=500,O15<=4999),"80%",IF(AND(O15>=5000),"100%",FALSE))))) -> 40% | R15: Mayor a 500 SMLMV | S15: =IF(AND(R15=$GB$4),"Leve",IF(AND(R15=$GB$5),"Menor",IF(AND(R15=$GB$6),"Moderado",IF(AND(R15=$GB$7),"mayor",IF(AND(R15=$GB$8),"Catastrófico",IF(AND(R15=$GB$10),"Leve",IF(AND(R15=$GB$11),"Menor",IF(AND(R15=$GB$12),"Moderado",IF(AND(R15=$GB$13),"Mayor",IF(AND(R15=$GB$14),"Catastrófico",FALSE)))))))))) -> Catastrófico | T15: =IF(AND(S15="Leve"),"20%",IF(AND(S15="Menor"),"40%",IF(AND(S15="Moderado"),"60%",IF(AND(S15="Mayor"),"80%",IF(AND(S15="Catastrófico"),"100%",""))))) -> 100% | U15: =INDEX('MATRIZ DE CALOR '!$D$6:$H$10,MATCH(P15,'MATRIZ DE CALOR '!$C$6:$C$10,),MATCH(S15,'MATRIZ DE CALOR '!$D$5:$H$5,)) -> Extremo | V15: 1 | W15: El profesional especializado de planeación realiza seguimiento trimestral al cumplimiento de los planes de acción de cada área, incluyendo cumplimiento de metas y la ejecución de los recursos presupuestados, controla el nivel de cumplimiento de las metas establecidas en los planes de acción dejando como evidencia informe de cumplimiento de los planes de acción presentado a la Alta Dirección | X15: Impacto | Y15: Correctivo | Z15: Manual | AA15: =IF(AND(Y15=$GD$2,Z15=$GE$2),"50%",IF(AND(Y15=$GD$2,Z15=$GE$3),"40%",IF(AND(Y15=$GD$3,Z15=$GE$2),"40%",IF(AND(Y15=$GD$3,Z15=$GE$3),"30%",IF(AND(Y15=$GD$4,Z15=$GE$2),"35%",IF(AND(Y15=$GD$4,Z15=$GE$3),"25%","")))))) -> 25% | AB15: Combinación análisis documental y sistemas de información de apoyo | AC15: Trimestral | AD15: Combinado (manual y electrónico) | AE15: Interna | AF15: =IFERROR(IF(X15="Probabilidad",(Q15-(+Q15*AA15)),IF(X15="Impacto",Q15,"")),"") -> 40% | AG15: =LOOKUP(2,1/(AF15:AF20<>""),AF15:AF20) -> 0.24 | AH15: =AG15*1 -> 0.24 | AI15: =IF(AND(AH15<=20%),"Muy Baja",IF(AND(AH15>=21%,AH15<=40%),"Baja",IF(AND(AH15>=41%,AH15<=60%),"Media",IF(AND(AH15>=61%,AH15<=80%),"Alta",IF(AND(AH15>=81%,AH15>=100%),"Muy Alta",FALSE))))) -> Baja | AJ15: =IFERROR(IF(X15="Impacto",(T15-(+T15*AA15)),IF(X15="Probabilidad",T15,"")),"") -> 0.75 | AK15: =LOOKUP(2,1/(AJ15:AJ20<>""),AJ15:AJ20) -> 0.75 | AL15: =AK15*1 -> 0.75 | AM15: =CHOOSE((AL15>=0%)+(AL15>=21%)+(AL15>=41%)+(AL15>=61%)+(AL15>=81%),"Leve","Menor","Moderado","Mayor","Catastrófico") -> Mayor | AN15: =INDEX('MATRIZ DE CALOR '!$D$6:$H$10,MATCH(AI15,'MATRIZ DE CALOR '!$C$6:$C$10,),MATCH(AM15,'MATRIZ DE CALOR '!$D$5:$H$5,)) -> Alto | AO15: Reducir (Mitigar) | AV15: Porcentaje de cumplimiento de metas institucionales. Numero de actividades ejecutadas del plan de accion/ numero de actividades programadas | AW15: Según el seguimiento | AX15: SE UNIFICARON LOS DOS RIESGOS (2 y 3) EN UNO SOLO POR DESCRIBIR LAS MISMAS ACTIVIDADES DEL PLAN INSTITUCIONAL. Se reformula un solo indicador. Riesgo 3 eliminado.
V16: 2 | W16: El director del ITA realiza el analisis de los resultados a los indicadores institucionales de acuerdo al informe previamente presentado por la OAP y toma acciones necesarias teniendo en cuenta el cumplimiento de los mismos. | X16: Probabilidad | Y16: Preventivo | Z16: Manual | AA16: =IF(AND(Y16=$GD$2,Z16=$GE$2),"50%",IF(AND(Y16=$GD$2,Z16=$GE$3),"40%",IF(AND(Y16=$GD$3,Z16=$GE$2),"40%",IF(AND(Y16=$GD$3,Z16=$GE$3),"30%",IF(AND(Y16=$GD$4,Z16=$GE$2),"35%",IF(AND(Y16=$GD$4,Z16=$GE$3),"25%","")))))) -> 40% | AF16: =IFERROR(IF(AND(X15="Probabilidad",X16="Probabilidad"),(AF15-(+AF15*AA16)),IF(X16="Probabilidad",(Q15-(+Q15*AA16)),IF(X16="Impacto",AF15,""))),"") -> 0.24 | AJ16: =IFERROR(IF(AND(X15="Impacto",AA16="Impacto"),(AJ15-(+AJ15*AA16)),IF(X16="Impacto",(T15-(+T15*AA16)),IF(X16="Probabilidad",AJ15,""))),"") -> 0.75
V17: 3 | W17: El Director del ITA somete a la aprobación de la Junta Directiva el presupuesto con base en los recaudos proyectados, los rubros afectados y la ejecución presupuestal | AF17: =IFERROR(IF(AND(X16="Probabilidad",X17="Probabilidad"),(AF16-(+AF16*AA17)),IF(X17="Probabilidad",(Q16-(+Q16*AA17)),IF(X17="Impacto",AF16,""))),"") | AJ17: =IFERROR(IF(AND(X16="Impacto",AA17="Impacto"),(AJ16-(+AJ16*AA17)),IF(X17="Impacto",(T16-(+T16*AA17)),IF(X17="Probabilidad",AJ16,""))),"")
AF18: =IFERROR(IF(AND(X17="Probabilidad",X18="Probabilidad"),(AF17-(+AF17*AA18)),IF(X18="Probabilidad",(Q17-(+Q17*AA18)),IF(X18="Impacto",AF17,""))),"") | AJ18: =IFERROR(IF(AND(X17="Impacto",AA18="Impacto"),(AJ17-(+AJ17*AA18)),IF(X18="Impacto",(T17-(+T17*AA18)),IF(X18="Probabilidad",AJ17,""))),"")
AA19: =IF(AND(Y19=$GD$2,Z19=$GE$2),"50%",IF(AND(Y19=$GD$2,Z19=$GE$3),"40%",IF(AND(Y19=$GD$3,Z19=$GE$2),"40%",IF(AND(Y19=$GD$3,Z19=$GE$3),"30%",IF(AND(Y19=$GD$4,Z19=$GE$2),"35%",IF(AND(Y19=$GD$4,Z19=$GE$3),"25%","")))))) | AF19: =IFERROR(IF(AND(X18="Probabilidad",X19="Probabilidad"),(AF18-(+AF18*AA19)),IF(X19="Probabilidad",(Q18-(+Q18*AA19)),IF(X19="Impacto",AF18,""))),"") | AJ19: =IFERROR(IF(AND(X18="Impacto",AA19="Impacto"),(AJ18-(+AJ18*AA19)),IF(X19="Impacto",(T18-(+T18*AA19)),IF(X19="Probabilidad",AJ18,""))),"")
AA20: =IF(AND(Y20=$GD$2,Z20=$GE$2),"50%",IF(AND(Y20=$GD$2,Z20=$GE$3),"40%",IF(AND(Y20=$GD$3,Z20=$GE$2),"40%",IF(AND(Y20=$GD$3,Z20=$GE$3),"30%",IF(AND(Y20=$GD$4,Z20=$GE$2),"35%",IF(AND(Y20=$GD$4,Z20=$GE$3),"25%","")))))) | AF20: =IFERROR(IF(AND(X19="Probabilidad",X20="Probabilidad"),(AF19-(+AF19*AA20)),IF(X20="Probabilidad",(Q19-(+Q19*AA20)),IF(X20="Impacto",AF19,""))),"") | AJ20: =IFERROR(IF(AND(X19="Impacto",AA20="Impacto"),(AJ19-(+AJ19*AA20)),IF(X20="Impacto",(T19-(+T19*AA20)),IF(X20="Probabilidad",AJ19,""))),"")
A21: 3 | B21: Gestión Gerencial | C21: Ejecución_administración_de_procesos | D21: Falta de aplicación de los procedimientos | E21: =IFERROR(VLOOKUP(C21,Tabla4[#All],2,0),"") -> Eventos relacionados con la ejecución de los procesos y procedimientos determinados para la operación de la entidad, uso de sistemas de información, por errores en las actividades que deben realizar los servidores de la organización. Estructura organizacional que afecta la capacidad organizacional | F21: Gestión | G21: Ejecución y Administración de Procesos | H21: Reputacional | I21: investigación disciplinaria de entes de control y aumento de quejas y reclamos de los grupos de valor | J21: realización de la rendición de cuentas fuera los lineamientos del Manual único de Rendición de cuentas y acciones relacionadas en el componente 3 del PAAC. | K21: Posibilidad de afectación reputacional por investigación disciplinaria de entes de control y aumento de quejas y reclamos de los grupos de valor debido a la realización de la rendición de cuentas fuera los lineamientos del Manual único de Rendición de cuentas y acciones relacionadas en el componente 5 del Programa de transparencia y etica Publica PTEP. | L21: PROCEDIMIENTO DOCUMENTACIÓN Y REVISIÓN DE PLANES DE ACCIÓN Manual único de Rendición de cuenta | M21: Ejecución y Administración de Procesos | N21: n/a | O21: 1 | P21: =IF(AND(O21<=2),"Muy Baja",IF(AND(O21>=3,O21<=23),"Baja",IF(AND(O21>=24,O21<=499),"Media",IF(AND(O21>=500,O21<=4999),"Alta",IF(AND(O21>=5000),"Muy Alta",FALSE))))) -> Muy Baja | Q21: =IF(AND(O21<=2),"20%",IF(AND(O21>=3,O21<=23),"40%",IF(AND(O21>=24,O21<=499),"60%",IF(AND(O21>=500,O21<=4999),"80%",IF(AND(O21>=5000),"100%",FALSE))))) -> 20% | R21: El riesgo afecta la imagen de la entidad con algunos usuarios de relevancia frente al logro de los objetivos | S21: =IF(AND(R21=$GB$4),"Leve",IF(AND(R21=$GB$5),"Menor",IF(AND(R21=$GB$6),"Moderado",IF(AND(R21=$GB$7),"mayor",IF(AND(R21=$GB$8),"Catastrófico",IF(AND(R21=$GB$10),"Leve",IF(AND(R21=$GB$11),"Menor",IF(AND(R21=$GB$12),"Moderado",IF(AND(R21=$GB$13),"Mayor",IF(AND(R21=$GB$14),"Catastrófico",FALSE)))))))))) -> Moderado | T21: =IF(AND(S21="Leve"),"20%",IF(AND(S21="Menor"),"40%",IF(AND(S21="Moderado"),"60%",IF(AND(S21="Mayor"),"80%",IF(AND(S21="Catastrófico"),"100%",""))))) -> 60% | U21: =INDEX('MATRIZ DE CALOR '!$D$6:$H$10,MATCH(P21,'MATRIZ DE CALOR '!$C$6:$C$10,),MATCH(S21,'MATRIZ DE CALOR '!$D$5:$H$5,)) -> Moderado | V21: 1 | W21: El profesional especializado de planeación solicita información a todos los procesos dejando como evidencia los documentos enviados y los medios por los cuales se realizó. | X21: Probabilidad | Y21: Preventivo | Z21: Manual | AA21: =IF(AND(Y21=$GD$2,Z21=$GE$2),"50%",IF(AND(Y21=$GD$2,Z21=$GE$3),"40%",IF(AND(Y21=$GD$3,Z21=$GE$2),"40%",IF(AND(Y21=$GD$3,Z21=$GE$3),"30%",IF(AND(Y21=$GD$4,Z21=$GE$2),"35%",IF(AND(Y21=$GD$4,Z21=$GE$3),"25%","")))))) -> 40% | AB21: Combinación análisis documental y sistemas de información de apoyo | AC21: Anual | AD21: Combinado (manual y electrónico) | AE21: Mixta | AF21: =IFERROR(IF(X21="Probabilidad",(Q21-(+Q21*AA21)),IF(X21="Impacto",Q21,"")),"") -> 0.12 | AG21: =LOOKUP(2,1/(AF21:AF26<>""),AF21:AF26) -> 0.0432 | AH21: =AG21*1 -> 0.0432 | AI21: =IF(AND(AH21<=20%),"Muy Baja",IF(AND(AH21>=21%,AH21<=40%),"Baja",IF(AND(AH21>=41%,AH21<=60%),"Media",IF(AND(AH21>=61%,AH21<=80%),"Alta",IF(AND(AH21>=81%,AH21>=100%),"Muy Alta",FALSE))))) -> Muy Baja | AJ21: =IFERROR(IF(X21="Impacto",(T21-(+T21*AA21)),IF(X21="Probabilidad",T21,"")),"") -> 60% | AK21: =LOOKUP(2,1/(AJ21:AJ26<>""),AJ21:AJ26) -> 60% | AL21: =AK21*1 -> 0.6 | AM21: =CHOOSE((AL21>=0%)+(AL21>=21%)+(AL21>=41%)+(AL21>=61%)+(AL21>=81%),"Leve","Menor","Moderado","Mayor","Catastrófico") -> Moderado | AN21: =INDEX('MATRIZ DE CALOR '!$D$6:$H$10,MATCH(AI21,'MATRIZ DE CALOR '!$C$6:$C$10,),MATCH(AM21,'MATRIZ DE CALOR '!$D$5:$H$5,)) -> Moderado | AO21: Reducir (Mitigar) | AV21: Rendición de cuentas ejecutadas / Rendiciones programadas | AW21: Según el seguimiento | AX21: Rendicion de cuentas se realizo con la gobernacion de acuerdo a lo programado ano 2023.
V22: 2 | W22: El profesional especializado de planeación en conjunto con los líderes de los procesos formulan las acciones relacionadas con el componente 5 del Programa de Transparencia y Ética Publica y solicita a las dependencias la información a socializar a la ciudadanía. | X22: Probabilidad | Y22: Preventivo | Z22: Manual | AA22: =IF(AND(Y22=$GD$2,Z22=$GE$2),"50%",IF(AND(Y22=$GD$2,Z22=$GE$3),"40%",IF(AND(Y22=$GD$3,Z22=$GE$2),"40%",IF(AND(Y22=$GD$3,Z22=$GE$3),"30%",IF(AND(Y22=$GD$4,Z22=$GE$2),"35%",IF(AND(Y22=$GD$4,Z22=$GE$3),"25%","")))))) -> 40% | AF22: =IFERROR(IF(AND(X21="Probabilidad",X22="Probabilidad"),(AF21-(+AF21*AA22)),IF(X22="Probabilidad",(Q21-(+Q21*AA22)),IF(X22="Impacto",AF21,""))),"") -> 0.072 | AJ22: =IFERROR(IF(AND(X21="Impacto",AA22="Impacto"),(AJ21-(+AJ21*AA22)),IF(X22="Impacto",(T21-(+T21*AA22)),IF(X22="Probabilidad",AJ21,""))),"") -> 60%
V23: 3 | W23: Publicar los informes de resultado y los documentos anexos al cumplimiento de rendición de cuentas de manera continua en la pagína web de la entidad, dirigida a toda la ciudadania. | X23: Probabilidad | Y23: Preventivo | Z23: Manual | AA23: =IF(AND(Y23=$GD$2,Z23=$GE$2),"50%",IF(AND(Y23=$GD$2,Z23=$GE$3),"40%",IF(AND(Y23=$GD$3,Z23=$GE$2),"40%",IF(AND(Y23=$GD$3,Z23=$GE$3),"30%",IF(AND(Y23=$GD$4,Z23=$GE$2),"35%",IF(AND(Y23=$GD$4,Z23=$GE$3),"25%","")))))) -> 40% | AF23: =IFERROR(IF(AND(X22="Probabilidad",X23="Probabilidad"),(AF22-(+AF22*AA23)),IF(X23="Probabilidad",(Q22-(+Q22*AA23)),IF(X23="Impacto",AF22,""))),"") -> 0.0432 | AJ23: =IFERROR(IF(AND(X22="Impacto",AA23="Impacto"),(AJ22-(+AJ22*AA23)),IF(X23="Impacto",(T22-(+T22*AA23)),IF(X23="Probabilidad",AJ22,""))),"") -> 60%
AA24: =IF(AND(Y24=$GD$2,Z24=$GE$2),"50%",IF(AND(Y24=$GD$2,Z24=$GE$3),"40%",IF(AND(Y24=$GD$3,Z24=$GE$2),"40%",IF(AND(Y24=$GD$3,Z24=$GE$3),"30%",IF(AND(Y24=$GD$4,Z24=$GE$2),"35%",IF(AND(Y24=$GD$4,Z24=$GE$3),"25%","")))))) | AF24: =IFERROR(IF(AND(X23="Probabilidad",X24="Probabilidad"),(AF23-(+AF23*AA24)),IF(X24="Probabilidad",(Q23-(+Q23*AA24)),IF(X24="Impacto",AF23,""))),"") | AJ24: =IFERROR(IF(AND(X23="Impacto",AA24="Impacto"),(AJ23-(+AJ23*AA24)),IF(X24="Impacto",(T23-(+T23*AA24)),IF(X24="Probabilidad",AJ23,""))),"")
AA25: =IF(AND(Y25=$GD$2,Z25=$GE$2),"50%",IF(AND(Y25=$GD$2,Z25=$GE$3),"40%",IF(AND(Y25=$GD$3,Z25=$GE$2),"40%",IF(AND(Y25=$GD$3,Z25=$GE$3),"30%",IF(AND(Y25=$GD$4,Z25=$GE$2),"35%",IF(AND(Y25=$GD$4,Z25=$GE$3),"25%","")))))) | AF25: =IFERROR(IF(AND(X24="Probabilidad",X25="Probabilidad"),(AF24-(+AF24*AA25)),IF(X25="Probabilidad",(Q24-(+Q24*AA25)),IF(X25="Impacto",AF24,""))),"") | AJ25: =IFERROR(IF(AND(X24="Impacto",AA25="Impacto"),(AJ24-(+AJ24*AA25)),IF(X25="Impacto",(T24-(+T24*AA25)),IF(X25="Probabilidad",AJ24,""))),"")
AA26: =IF(AND(Y26=$GD$2,Z26=$GE$2),"50%",IF(AND(Y26=$GD$2,Z26=$GE$3),"40%",IF(AND(Y26=$GD$3,Z26=$GE$2),"40%",IF(AND(Y26=$GD$3,Z26=$GE$3),"30%",IF(AND(Y26=$GD$4,Z26=$GE$2),"35%",IF(AND(Y26=$GD$4,Z26=$GE$3),"25%","")))))) | AF26: =IFERROR(IF(AND(X25="Probabilidad",X26="Probabilidad"),(AF25-(+AF25*AA26)),IF(X26="Probabilidad",(Q25-(+Q25*AA26)),IF(X26="Impacto",AF25,""))),"") | AJ26: =IFERROR(IF(AND(X25="Impacto",AA26="Impacto"),(AJ25-(+AJ25*AA26)),IF(X26="Impacto",(T25-(+T25*AA26)),IF(X26="Probabilidad",AJ25,""))),"")
A27: 4 | B27: GERENCIAL | C27: TalentoHumano | D27: TalentoHumano | E27: =IFERROR(VLOOKUP(C27,Tabla4[#All],2,0),"") -> Eventos relacionados con las conductas o comportamientos de los empleados que afectan la Integridad Pública | F27: Integridad Pùblica - Corrupción | G27: Ejecución y Administración de Procesos | H27: Reputacional y económico | I27: pérdida de confianza de la comunidad | J27: debido a la omisión de actividades de revisión, verificación, comparación, en los procedimientos establecidos para la formulación, control y seguimiento de los planes, programas y proyectos institucionales con el fin de obtener un beneficio propio o particular | K27: Posibilidad de pérdida de confianza de la comunidad hacia las actuaciones públicas debido a la omisión de actividades de revisión, verificación, comparación, en los procedimientos establecidos para la formulación, control y seguimiento de los planes, programas y proyectos institucionales con el fin de obtener un beneficio propio o particular. | L27: PROCEDIMIENTO PARA LA PLANEACCIÓN ESTRATEGICA | M27: Ejecución y Administración de Procesos | N27: Planes, programas y proyectos institucionales | O27: 1 | P27: =IF(O27="","",IF(O27<=2,"Muy Baja",IF(O27<=24,"Baja",IF(O27<=500,"Media",IF(O27<=5000,"Alta","Muy Alta"))))) -> Muy Baja | Q27: =IF(O27="","",IF(O27<=2,20%,IF(O27<=24,40%,IF(O27<=500,60%,IF(O27<=5000,80%,100%))))) -> 0.2 | R27: Afectación menor a 10 SMLMV | S27: Leve | T27: 0.2 | U27: =IF(OR(Q27="",T27=""),"",IF(Q27=100%,IF(T27=100%,"Extremo","Alto"),IF(Q27=80%,IF(T27=100%,"Extremo",IF(T27>=60%,"Alto","Moderado")),IF(Q27=60%,IF(T27=100%,"Extremo",IF(T27>=80%,"Alto","Moderado")),IF(Q27=40%,IF(T27=100%,"Extremo",IF(T27>=80%,"Alto",IF(T27>=40%,"Moderado","Bajo"))),IF(T27=100%,"Extremo",IF(T27=80%,"Alto",IF(T27=60%,"Moderado","Bajo")))))))) -> Bajo | V27: 1 | W27: La Alta Dirección a intervalos planificados comunica, socializa, aprueba y hace públicas sus decisiones en los Comités Institucionales y las reuniones de Junta Directiva, en caso de inquietudes sobre sus decisiones, sustenta las razones de las mismas. Evidencia de su control mediante actas de comité y actas de junta directiva. | X27: Probabilidad | Y27: Preventivo | Z27: Manual | AA27: =IF(OR(Y27="",Z27=""),"",IF(AND(Y27="Preventivo",Z27="Automático"),50%,IF(AND(Y27="Preventivo",Z27="Manual"),40%,IF(AND(Y27="Detectivo",Z27="Automático"),40%,IF(AND(Y27="Detectivo",Z27="Manual"),30%,IF(AND(Y27="Correctivo",Z27="Automático"),35%,IF(AND(Y27="Correctivo",Z27="Manual"),25%,""))))))) -> 0.4 | AB27: Procedimientos | AC27: Anual | AD27: Con registro manual | AE27: Interna | AF27: =IF(Q27="","",Q27*(IF(AND(X27="Probabilidad",OR(Y27="Preventivo",Y27="Detectivo"),ISNUMBER(AA27)),1-AA27,1)*IF(AND(X28="Probabilidad",OR(Y28="Preventivo",Y28="Detectivo"),ISNUMBER(AA28)),1-AA28,1)*IF(AND(X32="Probabilidad",OR(Y32="Preventivo",Y32="Detectivo"),ISNUMBER(AA32)),1-AA32,1))) -> 0.0432 | AG27: =IF(AF27="","",IF(AF27<=20%,20%,IF(AF27<=40%,40%,IF(AF27<=60%,60%,IF(AF27<=80%,80%,100%))))) -> 0.2 | AI27: Baja | AJ27: =IF(T27="","",T27*(IF(AND(X27="Impacto",Y27="Correctivo",ISNUMBER(AA27)),1-AA27,1)*IF(AND(X28="Impacto",Y28="Correctivo",ISNUMBER(AA28)),1-AA28,1)*IF(AND(X32="Impacto",Y32="Correctivo",ISNUMBER(AA32)),1-AA32,1))) -> 0.2 | AK27: =IF(AJ27="","",IF(AJ27<=20%,20%,IF(AJ27<=40%,40%,IF(AJ27<=60%,60%,IF(AJ27<=80%,80%,100%))))) -> 0.2 | AM27: Mayor | AN27: =IF(OR(AG27="",AK27=""),"",IF(AG27=100%,IF(AK27=100%,"Extremo","Alto"),IF(AG27=80%,IF(AK27=100%,"Extremo",IF(AK27>=60%,"Alto","Moderado")),IF(AG27=60%,IF(AK27=100%,"Extremo",IF(AK27>=80%,"Alto","Moderado")),IF(AG27=40%,IF(AK27=100%,"Extremo",IF(AK27>=80%,"Alto",IF(AK27>=40%,"Moderado","Bajo"))),IF(AK27=100%,"Extremo",IF(AK27=80%,"Alto",IF(AK27=60%,"Moderado","Bajo")))))))) -> Bajo | AO27: Reducir (Mitigar) | AW27: Según el seguimiento | AX27: En la descripcion del riesgo se quito de la redaccion: " por sanciones disciplinarias, legales, penales, fiscales" | GA27: Seguridad digital | GB27: Pérdida Reputacional
V28: 2 | W28: La Alta Dirección verifica las competencias, la misión institucional, estudios sectoriales y lineas de acción de las inversiones para no incurrir en un objeto que se salga de las funciones como organismo de tránsito con el fin de determinar el plan estratégico y su alcance dejando como evidencia el plan de acción, presupuesto aprobado y acta de autorización de junta | X28: Probabilidad | Y28: Preventivo | Z28: Manual | AA28: =IF(OR(Y28="",Z28=""),"",IF(AND(Y28="Preventivo",Z28="Automático"),50%,IF(AND(Y28="Preventivo",Z28="Manual"),40%,IF(AND(Y28="Detectivo",Z28="Automático"),40%,IF(AND(Y28="Detectivo",Z28="Manual"),30%,IF(AND(Y28="Correctivo",Z28="Automático"),35%,IF(AND(Y28="Correctivo",Z28="Manual"),25%,""))))))) -> 0.4 | AB28: Combinación análisis documental y sistemas de información de apoyo | AC28: Anual | AD28: Con registro manual | AE28: Interna | GA28: Daños a activos fijos | GB28: El riesgo afecta la imagen de alguna área de la organización
GB29: El riesgo afecta la imagen de la entidad internamente, de conocimiento general, nivel interno, de junta dircetiva y accionistas y/o de provedores
GB30: El riesgo afecta la imagen de la entidad con algunos usuarios de relevancia frente al logro de los objetivos
GB31: El riesgo afecta la imagen de de la entidad con efecto publicitario sostenido a nivel de sector administrativo, nivel departamental o municipal
V32: 3 | W32: La subdirección adminsitrativa y financiera y el profesional de contratación verifican que las políticas a implementar estén alineadas con las inversiones aprobadas en el presupuesto y la normatividad vigente | X32: Probabilidad | Y32: Preventivo | Z32: Manual | AA32: =IF(OR(Y32="",Z32=""),"",IF(AND(Y32="Preventivo",Z32="Automático"),50%,IF(AND(Y32="Preventivo",Z32="Manual"),40%,IF(AND(Y32="Detectivo",Z32="Automático"),40%,IF(AND(Y32="Detectivo",Z32="Manual"),30%,IF(AND(Y32="Correctivo",Z32="Automático"),35%,IF(AND(Y32="Correctivo",Z32="Manual"),25%,""))))))) -> 0.4 | AB32: Combinación análisis documental y sistemas de información de apoyo | AC32: Anual | AD32: Combinado (manual y electrónico) | AE32: Interna | GB32: El riesgo afecta la imagen de la entidad a nivel nacional, con efecto publicitarios sostenible a nivel país
A33: 5 | B33: Planeación | C33: Ejecución_administración_de_procesos | D33: Falta de aplicación de los procedimientos | E33: =IFERROR(VLOOKUP(C33,Tabla4[#All],2,0),"") -> Eventos relacionados con la ejecución de los procesos y procedimientos determinados para la operación de la entidad, uso de sistemas de información, por errores en las actividades que deben realizar los servidores de la organización. Estructura organizacional que afecta la capacidad organizacional | F33: Gestión | G33: Ejecución y Administración de Procesos | H33: Reputacional | I33: acciones disciplinarias | J33: incumplimiento de las disposiciones de elaboración y publicación de políticas derivadas del Modelo Integrado de Planeación y Gestión. | K33: Posibilidad de afectación reputacional por el incumplimiento de las disposiciones de elaboración y publicación de políticas derivadas del Modelo Integrado de Planeación y Gestión. | L33: PROCEDIMIENTO REVISIÓN DEL MODELO INTEGRADO DE PLANEACIÓN Y GESTIÓN MIPG Y SISTEMAS DE GESTIÓN COMPLEMENTARIOS | M33: Ejecución y Administración de Procesos | N33: n/a | O33: 1 | P33: =IF(AND(O33<=2),"Muy Baja",IF(AND(O33>=3,O33<=23),"Baja",IF(AND(O33>=24,O33<=499),"Media",IF(AND(O33>=500,O33<=4999),"Alta",IF(AND(O33>=5000),"Muy Alta",FALSE))))) -> Muy Baja | Q33: =IF(AND(O33<=2),"20%",IF(AND(O33>=3,O33<=23),"40%",IF(AND(O33>=24,O33<=499),"60%",IF(AND(O33>=500,O33<=4999),"80%",IF(AND(O33>=5000),"100%",FALSE))))) -> 20% | R33: El riesgo afecta la imagen de la entidad internamente, de conocimiento general, nivel interno, de junta dircetiva y accionistas y/o de provedores | S33: =IF(AND(R33=$GB$4),"Leve",IF(AND(R33=$GB$5),"Menor",IF(AND(R33=$GB$6),"Moderado",IF(AND(R33=$GB$7),"mayor",IF(AND(R33=$GB$8),"Catastrófico",IF(AND(R33=$GB$10),"Leve",IF(AND(R33=$GB$11),"Menor",IF(AND(R33=$GB$12),"Moderado",IF(AND(R33=$GB$13),"Mayor",IF(AND(R33=$GB$14),"Catastrófico",FALSE)))))))))) -> Menor | T33: =IF(AND(S33="Leve"),"20%",IF(AND(S33="Menor"),"40%",IF(AND(S33="Moderado"),"60%",IF(AND(S33="Mayor"),"80%",IF(AND(S33="Catastrófico"),"100%",""))))) -> 40% | U33: =INDEX('[1]MATRIZ RIESGO'!$D$6:$H$10,MATCH(P33,'[1]MATRIZ RIESGO'!$C$6:$C$10,),MATCH(S33,'[1]MATRIZ RIESGO'!$D$5:$H$5,)) -> Bajo | V33: 1 | W33: El jefe de la oficina asesora de planeación realiza verificación de los requerimientos para medición del índice de desempeño institucional contenidos en la herramienta del FURAG dejando como evidencia correos electrónicos enviados de solicitud de información de cada líder de política y certificación de diligenciamiento FURAG | X33: Probabilidad | Y33: Detectivo | Z33: Manual | AA33: =IF(AND(Y33=$GD$2,Z33=$GE$2),"50%",IF(AND(Y33=$GD$2,Z33=$GE$3),"40%",IF(AND(Y33=$GD$3,Z33=$GE$2),"40%",IF(AND(Y33=$GD$3,Z33=$GE$3),"30%",IF(AND(Y33=$GD$4,Z33=$GE$2),"35%",IF(AND(Y33=$GD$4,Z33=$GE$3),"25%","")))))) -> 30% | AB33: Combinación análisis documental y sistemas de información de apoyo | AC33: Anual | AD33: Con registro electrónico | AE33: Mixta | AF33: =IFERROR(IF(X33="Probabilidad",(Q33-(+Q33*AA33)),IF(X33="Impacto",Q33,"")),"") -> 0.14 | AG33: =LOOKUP(2,1/(AF33:AF38<>""),AF33:AF38) -> 0.14 | AH33: =AG33*1 -> 0.14 | AI33: =IF(AND(AH33<=20%),"Muy Baja",IF(AND(AH33>=21%,AH33<=40%),"Baja",IF(AND(AH33>=41%,AH33<=60%),"Media",IF(AND(AH33>=61%,AH33<=80%),"Alta",IF(AND(AH33>=81%,AH33>=100%),"Muy Alta",FALSE))))) -> Muy Baja | AJ33: =IFERROR(IF(X33="Impacto",(T33-(+T33*AA33)),IF(X33="Probabilidad",T33,"")),"") -> 40% | AK33: =LOOKUP(2,1/(AJ33:AJ38<>""),AJ33:AJ38) -> 40% | AL33: =AK33*1 -> 0.4 | AM33: =CHOOSE((AL33>=0%)+(AL33>=21%)+(AL33>=41%)+(AL33>=61%)+(AL33>=81%),"Leve","Menor","Moderado","Mayor","Catastrófico") -> Menor | AN33: =INDEX('MATRIZ DE CALOR '!$D$6:$H$10,MATCH(AI33,'MATRIZ DE CALOR '!$C$6:$C$10,),MATCH(AM33,'MATRIZ DE CALOR '!$D$5:$H$5,)) -> Bajo | AO33: Reducir (Mitigar) | AV33: Nivel de avance del IDI | AW33: Según el seguimiento
AA34: =IF(AND(Y34=$GD$2,Z34=$GE$2),"50%",IF(AND(Y34=$GD$2,Z34=$GE$3),"40%",IF(AND(Y34=$GD$3,Z34=$GE$2),"40%",IF(AND(Y34=$GD$3,Z34=$GE$3),"30%",IF(AND(Y34=$GD$4,Z34=$GE$2),"35%",IF(AND(Y34=$GD$4,Z34=$GE$3),"25%","")))))) | AF34: =IFERROR(IF(AND(X33="Probabilidad",X34="Probabilidad"),(AF33-(+AF33*AA34)),IF(X34="Probabilidad",(Q33-(+Q33*AA34)),IF(X34="Impacto",AF33,""))),"") | AJ34: =IFERROR(IF(AND(X33="Impacto",AA34="Impacto"),(AJ33-(+AJ33*AA34)),IF(X34="Impacto",(T33-(+T33*AA34)),IF(X34="Probabilidad",AJ33,""))),"")
AA35: =IF(AND(Y35=$GD$2,Z35=$GE$2),"50%",IF(AND(Y35=$GD$2,Z35=$GE$3),"40%",IF(AND(Y35=$GD$3,Z35=$GE$2),"40%",IF(AND(Y35=$GD$3,Z35=$GE$3),"30%",IF(AND(Y35=$GD$4,Z35=$GE$2),"35%",IF(AND(Y35=$GD$4,Z35=$GE$3),"25%","")))))) | AF35: =IFERROR(IF(AND(X34="Probabilidad",X35="Probabilidad"),(AF34-(+AF34*AA35)),IF(X35="Probabilidad",(Q34-(+Q34*AA35)),IF(X35="Impacto",AF34,""))),"") | AJ35: =IFERROR(IF(AND(X34="Impacto",AA35="Impacto"),(AJ34-(+AJ34*AA35)),IF(X35="Impacto",(T34-(+T34*AA35)),IF(X35="Probabilidad",AJ34,""))),"")
AA36: =IF(AND(Y36=$GD$2,Z36=$GE$2),"50%",IF(AND(Y36=$GD$2,Z36=$GE$3),"40%",IF(AND(Y36=$GD$3,Z36=$GE$2),"40%",IF(AND(Y36=$GD$3,Z36=$GE$3),"30%",IF(AND(Y36=$GD$4,Z36=$GE$2),"35%",IF(AND(Y36=$GD$4,Z36=$GE$3),"25%","")))))) | AF36: =IFERROR(IF(AND(X35="Probabilidad",X36="Probabilidad"),(AF35-(+AF35*AA36)),IF(X36="Probabilidad",(Q35-(+Q35*AA36)),IF(X36="Impacto",AF35,""))),"") | AJ36: =IFERROR(IF(AND(X35="Impacto",AA36="Impacto"),(AJ35-(+AJ35*AA36)),IF(X36="Impacto",(T35-(+T35*AA36)),IF(X36="Probabilidad",AJ35,""))),"")
AA37: =IF(AND(Y37=$GD$2,Z37=$GE$2),"50%",IF(AND(Y37=$GD$2,Z37=$GE$3),"40%",IF(AND(Y37=$GD$3,Z37=$GE$2),"40%",IF(AND(Y37=$GD$3,Z37=$GE$3),"30%",IF(AND(Y37=$GD$4,Z37=$GE$2),"35%",IF(AND(Y37=$GD$4,Z37=$GE$3),"25%","")))))) | AF37: =IFERROR(IF(AND(X36="Probabilidad",X37="Probabilidad"),(AF36-(+AF36*AA37)),IF(X37="Probabilidad",(Q36-(+Q36*AA37)),IF(X37="Impacto",AF36,""))),"") | AJ37: =IFERROR(IF(AND(X36="Impacto",AA37="Impacto"),(AJ36-(+AJ36*AA37)),IF(X37="Impacto",(T36-(+T36*AA37)),IF(X37="Probabilidad",AJ36,""))),"")
AA38: =IF(AND(Y38=$GD$2,Z38=$GE$2),"50%",IF(AND(Y38=$GD$2,Z38=$GE$3),"40%",IF(AND(Y38=$GD$3,Z38=$GE$2),"40%",IF(AND(Y38=$GD$3,Z38=$GE$3),"30%",IF(AND(Y38=$GD$4,Z38=$GE$2),"35%",IF(AND(Y38=$GD$4,Z38=$GE$3),"25%","")))))) | AF38: =IFERROR(IF(AND(X37="Probabilidad",X38="Probabilidad"),(AF37-(+AF37*AA38)),IF(X38="Probabilidad",(Q37-(+Q37*AA38)),IF(X38="Impacto",AF37,""))),"") | AJ38: =IFERROR(IF(AND(X37="Impacto",AA38="Impacto"),(AJ37-(+AJ37*AA38)),IF(X38="Impacto",(T37-(+T37*AA38)),IF(X38="Probabilidad",AJ37,""))),"")
A39: 6 | B39: Planeación | C39: Ejecución_administración_de_procesos | D39: Falta de aplicación de los procedimientos | E39: =IFERROR(VLOOKUP(C39,Tabla4[#All],2,0),"") -> Eventos relacionados con la ejecución de los procesos y procedimientos determinados para la operación de la entidad, uso de sistemas de información, por errores en las actividades que deben realizar los servidores de la organización. Estructura organizacional que afecta la capacidad organizacional | F39: Gestión | G39: Ejecución y Administración de Procesos | H39: Reputacional | I39: posibles investigación de los entes de control | J39: formulación y ejecución de los planes, programas o proyectos institucionales del ITA, fuera de lo establecido en el plan de desarrollo departamental desatendiendo las necesidades reales de la entidad, la misionalidad y la consecución de los objetivos estratégicos del ITA, por demoras en la entrega de la información por parte de los líderes de procesos y dificultades o fallas en la planeación estratégica que orienten y brinden un marco de referencia claro a seguir, en el desarrollo de las actividades, operaciones y/u objetivos. | K39: Posibilidad de afectación reputacional debido a la formulación y ejecución de los planes, programas o proyectos institucionales del ITA, fuera de lo establecido en el plan de desarrollo departamental desatendiendo las necesidades reales de la entidad, la misionalidad y la consecución de los objetivos estratégicos del ITA, por demoras en la entrega de la información por parte de los líderes de procesos y dificultades o fallas en la planeación estratégica que orienten y brinden un marco de referencia claro a seguir, en el desarrollo de las actividades, operaciones y/u objetivos. | L39: PROCEDIMIENTO DOCUMENTO Y REVISIÓN DE PLANES DE ACCIÓN | M39: Ejecución y Administración de Procesos | N39: n/a | O39: 1 | P39: =IF(AND(O39<=2),"Muy Baja",IF(AND(O39>=3,O39<=23),"Baja",IF(AND(O39>=24,O39<=499),"Media",IF(AND(O39>=500,O39<=4999),"Alta",IF(AND(O39>=5000),"Muy Alta",FALSE))))) -> Muy Baja | Q39: =IF(AND(O39<=2),"20%",IF(AND(O39>=3,O39<=23),"40%",IF(AND(O39>=24,O39<=499),"60%",IF(AND(O39>=500,O39<=4999),"80%",IF(AND(O39>=5000),"100%",FALSE))))) -> 20% | R39: Mayor a 500 SMLMV | S39: =IF(AND(R39=$GB$4),"Leve",IF(AND(R39=$GB$5),"Menor",IF(AND(R39=$GB$6),"Moderado",IF(AND(R39=$GB$7),"mayor",IF(AND(R39=$GB$8),"Catastrófico",IF(AND(R39=$GB$10),"Leve",IF(AND(R39=$GB$11),"Menor",IF(AND(R39=$GB$12),"Moderado",IF(AND(R39=$GB$13),"Mayor",IF(AND(R39=$GB$14),"Catastrófico",FALSE)))))))))) -> Catastrófico | T39: =IF(AND(S39="Leve"),"20%",IF(AND(S39="Menor"),"40%",IF(AND(S39="Moderado"),"60%",IF(AND(S39="Mayor"),"80%",IF(AND(S39="Catastrófico"),"100%",""))))) -> 100% | U39: =INDEX('[1]MATRIZ RIESGO'!$D$6:$H$10,MATCH(P39,'[1]MATRIZ RIESGO'!$C$6:$C$10,),MATCH(S39,'[1]MATRIZ RIESGO'!$D$5:$H$5,)) -> Extremo | V39: 1 | W39: El jefe de planeación solicita por medio escrito o magnético a los líderes de los procesos los planes de acción por procesos de acuerdo al procedimiento "documento y revisión de planes de acción" Y "PROCEDIMIENTO FORMULACIÓN Y SEGUIMIENTO DEL PLAN INTEGRADO DE ACCIÓN ANUAL" dejando como evidencia el Plan de acción INTEGRADO Y OPERATIVO formulado | X39: Impacto | Y39: Correctivo | Z39: Manual | AA39: =IF(AND(Y39=$GD$2,Z39=$GE$2),"50%",IF(AND(Y39=$GD$2,Z39=$GE$3),"40%",IF(AND(Y39=$GD$3,Z39=$GE$2),"40%",IF(AND(Y39=$GD$3,Z39=$GE$3),"30%",IF(AND(Y39=$GD$4,Z39=$GE$2),"35%",IF(AND(Y39=$GD$4,Z39=$GE$3),"25%","")))))) -> 25% | AB39: Combinación análisis documental y sistemas de información de apoyo | AC39: Trimestral | AD39: Combinado (manual y electrónico) | AE39: Interna | AF39: =IFERROR(IF(X39="Probabilidad",(Q39-(+Q39*AA39)),IF(X39="Impacto",Q39,"")),"") -> 20% | AG39: =LOOKUP(2,1/(AF39:AF44<>""),AF39:AF44) -> 0.12 | AH39: =AG39*1 -> 0.12 | AI39: =IF(AND(AH39<=20%),"Muy Baja",IF(AND(AH39>=21%,AH39<=40%),"Baja",IF(AND(AH39>=41%,AH39<=60%),"Media",IF(AND(AH39>=61%,AH39<=80%),"Alta",IF(AND(AH39>=81%,AH39>=100%),"Muy Alta",FALSE))))) -> Muy Baja | AJ39: =IFERROR(IF(X39="Impacto",(T39-(+T39*AA39)),IF(X39="Probabilidad",T39,"")),"") -> 0.75 | AK39: =LOOKUP(2,1/(AJ39:AJ44<>""),AJ39:AJ44) -> 0.75 | AL39: =AK39*1 -> 0.75 | AM39: =CHOOSE((AL39>=0%)+(AL39>=21%)+(AL39>=41%)+(AL39>=61%)+(AL39>=81%),"Leve","Menor","Moderado","Mayor","Catastrófico") -> Mayor | AN39: =INDEX('[1]MATRIZ RIESGO'!$D$6:$H$10,MATCH(AI39,'[1]MATRIZ RIESGO'!$C$6:$C$10,),MATCH(AM39,'[1]MATRIZ RIESGO'!$D$5:$H$5,)) -> Alto | AO39: Reducir (Mitigar) | AV39: Porcentaje de cumplimiento de metas institucionales. Alineación de metas institucionales con las metas departamentales | AW39: Según el seguimiento
V40: 2 | W40: El jefe de planeación realiza visitas de seguimiento a los planes de acción de cada proceso trimestralmente verificando que las actividades se hayan realizado de acuerdo a lo planificado, dejando como evidencia informe de seguimiento al plan operativo y al Plan Integrado de Acción. | X40: Probabilidad | Y40: Preventivo | Z40: Manual | AA40: =IF(AND(Y40=$GD$2,Z40=$GE$2),"50%",IF(AND(Y40=$GD$2,Z40=$GE$3),"40%",IF(AND(Y40=$GD$3,Z40=$GE$2),"40%",IF(AND(Y40=$GD$3,Z40=$GE$3),"30%",IF(AND(Y40=$GD$4,Z40=$GE$2),"35%",IF(AND(Y40=$GD$4,Z40=$GE$3),"25%","")))))) -> 40% | AF40: =IFERROR(IF(AND(X39="Probabilidad",X40="Probabilidad"),(AF39-(+AF39*AA40)),IF(X40="Probabilidad",(Q39-(+Q39*AA40)),IF(X40="Impacto",AF39,""))),"") -> 0.12 | AJ40: =IFERROR(IF(AND(X39="Impacto",AA40="Impacto"),(AJ39-(+AJ39*AA40)),IF(X40="Impacto",(T39-(+T39*AA40)),IF(X40="Probabilidad",AJ39,""))),"") -> 0.75
AA41: =IF(AND(Y41=$GD$2,Z41=$GE$2),"50%",IF(AND(Y41=$GD$2,Z41=$GE$3),"40%",IF(AND(Y41=$GD$3,Z41=$GE$2),"40%",IF(AND(Y41=$GD$3,Z41=$GE$3),"30%",IF(AND(Y41=$GD$4,Z41=$GE$2),"35%",IF(AND(Y41=$GD$4,Z41=$GE$3),"25%","")))))) | AF41: =IFERROR(IF(AND(X40="Probabilidad",X41="Probabilidad"),(AF40-(+AF40*AA41)),IF(X41="Probabilidad",(Q40-(+Q40*AA41)),IF(X41="Impacto",AF40,""))),"") | AJ41: =IFERROR(IF(AND(X40="Impacto",AA41="Impacto"),(AJ40-(+AJ40*AA41)),IF(X41="Impacto",(T40-(+T40*AA41)),IF(X41="Probabilidad",AJ40,""))),"")
AA42: =IF(AND(Y42=$GD$2,Z42=$GE$2),"50%",IF(AND(Y42=$GD$2,Z42=$GE$3),"40%",IF(AND(Y42=$GD$3,Z42=$GE$2),"40%",IF(AND(Y42=$GD$3,Z42=$GE$3),"30%",IF(AND(Y42=$GD$4,Z42=$GE$2),"35%",IF(AND(Y42=$GD$4,Z42=$GE$3),"25%","")))))) | AF42: =IFERROR(IF(AND(X41="Probabilidad",X42="Probabilidad"),(AF41-(+AF41*AA42)),IF(X42="Probabilidad",(Q41-(+Q41*AA42)),IF(X42="Impacto",AF41,""))),"") | AJ42: =IFERROR(IF(AND(X41="Impacto",AA42="Impacto"),(AJ41-(+AJ41*AA42)),IF(X42="Impacto",(T41-(+T41*AA42)),IF(X42="Probabilidad",AJ41,""))),"")
AA43: =IF(AND(Y43=$GD$2,Z43=$GE$2),"50%",IF(AND(Y43=$GD$2,Z43=$GE$3),"40%",IF(AND(Y43=$GD$3,Z43=$GE$2),"40%",IF(AND(Y43=$GD$3,Z43=$GE$3),"30%",IF(AND(Y43=$GD$4,Z43=$GE$2),"35%",IF(AND(Y43=$GD$4,Z43=$GE$3),"25%","")))))) | AF43: =IFERROR(IF(AND(X42="Probabilidad",X43="Probabilidad"),(AF42-(+AF42*AA43)),IF(X43="Probabilidad",(Q42-(+Q42*AA43)),IF(X43="Impacto",AF42,""))),"") | AJ43: =IFERROR(IF(AND(X42="Impacto",AA43="Impacto"),(AJ42-(+AJ42*AA43)),IF(X43="Impacto",(T42-(+T42*AA43)),IF(X43="Probabilidad",AJ42,""))),"")
AA44: =IF(AND(Y44=$GD$2,Z44=$GE$2),"50%",IF(AND(Y44=$GD$2,Z44=$GE$3),"40%",IF(AND(Y44=$GD$3,Z44=$GE$2),"40%",IF(AND(Y44=$GD$3,Z44=$GE$3),"30%",IF(AND(Y44=$GD$4,Z44=$GE$2),"35%",IF(AND(Y44=$GD$4,Z44=$GE$3),"25%","")))))) | AF44: =IFERROR(IF(AND(X43="Probabilidad",X44="Probabilidad"),(AF43-(+AF43*AA44)),IF(X44="Probabilidad",(Q43-(+Q43*AA44)),IF(X44="Impacto",AF43,""))),"") | AJ44: =IFERROR(IF(AND(X43="Impacto",AA44="Impacto"),(AJ43-(+AJ43*AA44)),IF(X44="Impacto",(T43-(+T43*AA44)),IF(X44="Probabilidad",AJ43,""))),"")
A45: 7 | B45: Planeación | C45: Ejecución_administración_de_procesos | D45: Falta de aplicación de los procedimientos | E45: =IFERROR(VLOOKUP(C45,Tabla4[#All],2,0),"") -> Eventos relacionados con la ejecución de los procesos y procedimientos determinados para la operación de la entidad, uso de sistemas de información, por errores en las actividades que deben realizar los servidores de la organización. Estructura organizacional que afecta la capacidad organizacional | F45: Gestión | G45: Ejecución y Administración de Procesos | H45: Reputacional y económico | I45: sanciones disciplinarias, legales, penales y fiscales | J45: materialización de los riesgos institucionales por el no monitoreo de los controles establecidos. | K45: Posibilidad de afectación económica y reputacional debido a la materialización de los riesgos institucionales por el no monitoreo de los controles establecidos. | L45: PROCEDIMIENTO DOCUMENTO Y REVISIÓN DE PLANES DE ACCIÓN | M45: Ejecución y Administración de Procesos | N45: n/a | O45: 3 | P45: =IF(AND(O45<=2),"Muy Baja",IF(AND(O45>=3,O45<=23),"Baja",IF(AND(O45>=24,O45<=499),"Media",IF(AND(O45>=500,O45<=4999),"Alta",IF(AND(O45>=5000),"Muy Alta",FALSE))))) -> Baja | Q45: =IF(AND(O45<=2),"20%",IF(AND(O45>=3,O45<=23),"40%",IF(AND(O45>=24,O45<=499),"60%",IF(AND(O45>=500,O45<=4999),"80%",IF(AND(O45>=5000),"100%",FALSE))))) -> 40% | R45: Mayor a 500 SMLMV | S45: =IF(AND(R45=$GB$4),"Leve",IF(AND(R45=$GB$5),"Menor",IF(AND(R45=$GB$6),"Moderado",IF(AND(R45=$GB$7),"mayor",IF(AND(R45=$GB$8),"Catastrófico",IF(AND(R45=$GB$10),"Leve",IF(AND(R45=$GB$11),"Menor",IF(AND(R45=$GB$12),"Moderado",IF(AND(R45=$GB$13),"Mayor",IF(AND(R45=$GB$14),"Catastrófico",FALSE)))))))))) -> Catastrófico | T45: =IF(AND(S45="Leve"),"20%",IF(AND(S45="Menor"),"40%",IF(AND(S45="Moderado"),"60%",IF(AND(S45="Mayor"),"80%",IF(AND(S45="Catastrófico"),"100%",""))))) -> 100% | U45: =INDEX('[1]MATRIZ RIESGO'!$D$6:$H$10,MATCH(P45,'[1]MATRIZ RIESGO'!$C$6:$C$10,),MATCH(S45,'[1]MATRIZ RIESGO'!$D$5:$H$5,)) -> Extremo | V45: 1 | W45: El jefe de planeación realiza monitoreo cuatrimestralmente a los controles establecidos dentro de los mapas de riesgos por procesos de la entidad dejando con evidencia informe de seguimiento | X45: Probabilidad | Y45: Preventivo | Z45: Manual | AA45: =IF(AND(Y45=$GD$2,Z45=$GE$2),"50%",IF(AND(Y45=$GD$2,Z45=$GE$3),"40%",IF(AND(Y45=$GD$3,Z45=$GE$2),"40%",IF(AND(Y45=$GD$3,Z45=$GE$3),"30%",IF(AND(Y45=$GD$4,Z45=$GE$2),"35%",IF(AND(Y45=$GD$4,Z45=$GE$3),"25%","")))))) -> 40% | AB45: Combinación análisis documental y sistemas de información de apoyo | AC45: Trimestral | AD45: Combinado (manual y electrónico) | AE45: Interna | AF45: =IFERROR(IF(X45="Probabilidad",(Q45-(+Q45*AA45)),IF(X45="Impacto",Q45,"")),"") -> 0.24 | AG45: =LOOKUP(2,1/(AF45:AF50<>""),AF45:AF50) -> 0.24 | AH45: =AG45*1 -> 0.24 | AI45: =IF(AND(AH45<=20%),"Muy Baja",IF(AND(AH45>=21%,AH45<=40%),"Baja",IF(AND(AH45>=41%,AH45<=60%),"Media",IF(AND(AH45>=61%,AH45<=80%),"Alta",IF(AND(AH45>=81%,AH45>=100%),"Muy Alta",FALSE))))) -> Baja | AJ45: =IFERROR(IF(X45="Impacto",(T45-(+T45*AA45)),IF(X45="Probabilidad",T45,"")),"") -> 100% | AK45: =LOOKUP(2,1/(AJ45:AJ50<>""),AJ45:AJ50) -> 100% | AL45: =AK45*1 -> 1 | AM45: =CHOOSE((AL45>=0%)+(AL45>=21%)+(AL45>=41%)+(AL45>=61%)+(AL45>=81%),"Leve","Menor","Moderado","Mayor","Catastrófico") -> Catastrófico | AN45: =INDEX('[1]MATRIZ RIESGO'!$D$6:$H$10,MATCH(AI45,'[1]MATRIZ RIESGO'!$C$6:$C$10,),MATCH(AM45,'[1]MATRIZ RIESGO'!$D$5:$H$5,)) -> Extremo | AO45: Reducir (Mitigar) | AV45: Desempeño del control # eventos /frecuencia del riesgo | AW45: Según el seguimiento
AF46: =IFERROR(IF(AND(X45="Probabilidad",X46="Probabilidad"),(AF45-(+AF45*AA46)),IF(X46="Probabilidad",(Q45-(+Q45*AA46)),IF(X46="Impacto",AF45,""))),"") | AJ46: =IFERROR(IF(AND(X45="Impacto",AA46="Impacto"),(AJ45-(+AJ45*AA46)),IF(X46="Impacto",(T45-(+T45*AA46)),IF(X46="Probabilidad",AJ45,""))),"")
AF47: =IFERROR(IF(AND(X46="Probabilidad",X47="Probabilidad"),(AF46-(+AF46*AA47)),IF(X47="Probabilidad",(Q46-(+Q46*AA47)),IF(X47="Impacto",AF46,""))),"") | AJ47: =IFERROR(IF(AND(X46="Impacto",AA47="Impacto"),(AJ46-(+AJ46*AA47)),IF(X47="Impacto",(T46-(+T46*AA47)),IF(X47="Probabilidad",AJ46,""))),"")
AF48: =IFERROR(IF(AND(X47="Probabilidad",X48="Probabilidad"),(AF47-(+AF47*AA48)),IF(X48="Probabilidad",(Q47-(+Q47*AA48)),IF(X48="Impacto",AF47,""))),"") | AJ48: =IFERROR(IF(AND(X47="Impacto",AA48="Impacto"),(AJ47-(+AJ47*AA48)),IF(X48="Impacto",(T47-(+T47*AA48)),IF(X48="Probabilidad",AJ47,""))),"")
AF49: =IFERROR(IF(AND(X48="Probabilidad",X49="Probabilidad"),(AF48-(+AF48*AA49)),IF(X49="Probabilidad",(Q48-(+Q48*AA49)),IF(X49="Impacto",AF48,""))),"") | AJ49: =IFERROR(IF(AND(X48="Impacto",AA49="Impacto"),(AJ48-(+AJ48*AA49)),IF(X49="Impacto",(T48-(+T48*AA49)),IF(X49="Probabilidad",AJ48,""))),"")
AF50: =IFERROR(IF(AND(X49="Probabilidad",X50="Probabilidad"),(AF49-(+AF49*AA50)),IF(X50="Probabilidad",(Q49-(+Q49*AA50)),IF(X50="Impacto",AF49,""))),"") | AJ50: =IFERROR(IF(AND(X49="Impacto",AA50="Impacto"),(AJ49-(+AJ49*AA50)),IF(X50="Impacto",(T49-(+T49*AA50)),IF(X50="Probabilidad",AJ49,""))),"")
A51: 8 | B51: Planeación | C51: Ejecución_administración_de_procesos | D51: Falta de aplicación de los procedimientos | E51: =IFERROR(VLOOKUP(C51,Tabla4[#All],2,0),"") -> Eventos relacionados con la ejecución de los procesos y procedimientos determinados para la operación de la entidad, uso de sistemas de información, por errores en las actividades que deben realizar los servidores de la organización. Estructura organizacional que afecta la capacidad organizacional | F51: Gestión | G51: Ejecución y Administración de Procesos | H51: Reputacional | I51: peticiones de usuarios | J51: información desactualizada de los trámites del SUIT | K51: Posibilidad de afectación reputacional por peticiones de usuarios debido a información desactualizada de los trámites del SUIT | L51: RESOLUCION POR MEDIO DEL CUAL SE FIJAN TARIFAS DE VIGENCIA FISCAL | M51: Ejecución y Administración de Procesos | N51: n/a | O51: 53 | P51: =IF(AND(O51<=2),"Muy Baja",IF(AND(O51>=3,O51<=23),"Baja",IF(AND(O51>=24,O51<=499),"Media",IF(AND(O51>=500,O51<=4999),"Alta",IF(AND(O51>=5000),"Muy Alta",FALSE))))) -> Media | Q51: =IF(AND(O51<=2),"20%",IF(AND(O51>=3,O51<=23),"40%",IF(AND(O51>=24,O51<=499),"60%",IF(AND(O51>=500,O51<=4999),"80%",IF(AND(O51>=5000),"100%",FALSE))))) -> 60% | R51: El riesgo afecta la imagen de la entidad con algunos usuarios de relevancia frente al logro de los objetivos | S51: =IF(AND(R51=$GB$4),"Leve",IF(AND(R51=$GB$5),"Menor",IF(AND(R51=$GB$6),"Moderado",IF(AND(R51=$GB$7),"mayor",IF(AND(R51=$GB$8),"Catastrófico",IF(AND(R51=$GB$10),"Leve",IF(AND(R51=$GB$11),"Menor",IF(AND(R51=$GB$12),"Moderado",IF(AND(R51=$GB$13),"Mayor",IF(AND(R51=$GB$14),"Catastrófico",FALSE)))))))))) -> Moderado | T51: =IF(AND(S51="Leve"),"20%",IF(AND(S51="Menor"),"40%",IF(AND(S51="Moderado"),"60%",IF(AND(S51="Mayor"),"80%",IF(AND(S51="Catastrófico"),"100%",""))))) -> 60% | U51: =INDEX('[1]MATRIZ RIESGO'!$D$6:$H$10,MATCH(P51,'[1]MATRIZ RIESGO'!$C$6:$C$10,),MATCH(S51,'[1]MATRIZ RIESGO'!$D$5:$H$5,)) -> Moderado | V51: 1 | W51: El jefe de la oficina de planeanción verifica la identificación, priorización y racionalización de trámites con el fin de que estén actualizados de acuerdo a la resolución de las tarifas que se expide para cada vigencia así como la de los requisitos legales establecidos para cada trámite 12379 de 2012 dejando como evidencia trámites actualizados en SUIT. | X51: Probabilidad | Y51: Preventivo | Z51: Manual | AA51: =IF(AND(Y51=$GD$2,Z51=$GE$2),"50%",IF(AND(Y51=$GD$2,Z51=$GE$3),"40%",IF(AND(Y51=$GD$3,Z51=$GE$2),"40%",IF(AND(Y51=$GD$3,Z51=$GE$3),"30%",IF(AND(Y51=$GD$4,Z51=$GE$2),"35%",IF(AND(Y51=$GD$4,Z51=$GE$3),"25%","")))))) -> 40% | AB51: Sistemas de información | AC51: Mensual | AD51: Con registro electrónico | AE51: Mixta | AF51: =IFERROR(IF(X51="Probabilidad",(Q51-(+Q51*AA51)),IF(X51="Impacto",Q51,"")),"") -> 0.36 | AG51: =LOOKUP(2,1/(AF51:AF56<>""),AF51:AF56) -> 0.36 | AH51: =AG51*1 -> 0.36 | AI51: =IF(AND(AH51<=20%),"Muy Baja",IF(AND(AH51>=21%,AH51<=40%),"Baja",IF(AND(AH51>=41%,AH51<=60%),"Media",IF(AND(AH51>=61%,AH51<=80%),"Alta",IF(AND(AH51>=81%,AH51>=100%),"Muy Alta",FALSE))))) -> Baja | AJ51: =IFERROR(IF(X51="Impacto",(T51-(+T51*AA51)),IF(X51="Probabilidad",T51,"")),"") -> 60% | AK51: =LOOKUP(2,1/(AJ51:AJ56<>""),AJ51:AJ56) -> 60% | AL51: =AK51*1 -> 0.6 | AM51: =CHOOSE((AL51>=0%)+(AL51>=21%)+(AL51>=41%)+(AL51>=61%)+(AL51>=81%),"Leve","Menor","Moderado","Mayor","Catastrófico") -> Moderado | AN51: =INDEX('[1]MATRIZ RIESGO'!$D$6:$H$10,MATCH(AI51,'[1]MATRIZ RIESGO'!$C$6:$C$10,),MATCH(AM51,'[1]MATRIZ RIESGO'!$D$5:$H$5,)) -> Moderado | AO51: Aceptar | AV51: Cargue de tramites en SUIT Numero de tramites actualizados/Total de tramites inscritos en el SUIT | AW51: Según el seguimiento | AX51: Pendiente formular plan de accion de gestion del conocimiento para el area. En la proxima revision verificar si se realizo.
AF52: =IFERROR(IF(AND(X51="Probabilidad",X52="Probabilidad"),(AF51-(+AF51*AA52)),IF(X52="Probabilidad",(Q51-(+Q51*AA52)),IF(X52="Impacto",AF51,""))),"") | AJ52: =IFERROR(IF(AND(X51="Impacto",AA52="Impacto"),(AJ51-(+AJ51*AA52)),IF(X52="Impacto",(T51-(+T51*AA52)),IF(X52="Probabilidad",AJ51,""))),"")
AF53: =IFERROR(IF(AND(X52="Probabilidad",X53="Probabilidad"),(AF52-(+AF52*AA53)),IF(X53="Probabilidad",(Q52-(+Q52*AA53)),IF(X53="Impacto",AF52,""))),"") | AJ53: =IFERROR(IF(AND(X52="Impacto",AA53="Impacto"),(AJ52-(+AJ52*AA53)),IF(X53="Impacto",(T52-(+T52*AA53)),IF(X53="Probabilidad",AJ52,""))),"")
AF54: =IFERROR(IF(AND(X53="Probabilidad",X54="Probabilidad"),(AF53-(+AF53*AA54)),IF(X54="Probabilidad",(Q53-(+Q53*AA54)),IF(X54="Impacto",AF53,""))),"") | AJ54: =IFERROR(IF(AND(X53="Impacto",AA54="Impacto"),(AJ53-(+AJ53*AA54)),IF(X54="Impacto",(T53-(+T53*AA54)),IF(X54="Probabilidad",AJ53,""))),"")
AF55: =IFERROR(IF(AND(X54="Probabilidad",X55="Probabilidad"),(AF54-(+AF54*AA55)),IF(X55="Probabilidad",(Q54-(+Q54*AA55)),IF(X55="Impacto",AF54,""))),"") | AJ55: =IFERROR(IF(AND(X54="Impacto",AA55="Impacto"),(AJ54-(+AJ54*AA55)),IF(X55="Impacto",(T54-(+T54*AA55)),IF(X55="Probabilidad",AJ54,""))),"")
AF56: =IFERROR(IF(AND(X55="Probabilidad",X56="Probabilidad"),(AF55-(+AF55*AA56)),IF(X56="Probabilidad",(Q55-(+Q55*AA56)),IF(X56="Impacto",AF55,""))),"") | AJ56: =IFERROR(IF(AND(X55="Impacto",AA56="Impacto"),(AJ55-(+AJ55*AA56)),IF(X56="Impacto",(T55-(+T55*AA56)),IF(X56="Probabilidad",AJ55,""))),"")
A57: 9 | B57: Planeación | C57: TalentoHumano | D57: TalentoHumano | E57: =IFERROR(VLOOKUP(C57,Tabla4[#All],2,0),"") -> Eventos relacionados con las conductas o comportamientos de los empleados que afectan la Integridad Pública | F57: Gestión | G57: Ejecución y Administración de Procesos | H57: Reputacional | I57: pérdida de credibilidad de la Entidad hacia los grupos de valor, Fuga de conocimiento estratégico en los grupos de valor y desaprovechamiento de la producción intelectual y material | J57: uso inapropiado de las herramientas para la gestión del conocimiento | K57: Posibilidad de afectación reputacional por pérdida de credibilidad de la Entidad hacia los grupos de valor, Fuga de conocimiento estratégico en los grupos de valor y desaprovechamiento de la producción intelectual y material debido al uso inapropiado de las herramientas para la gestión del conocimiento | L57: PLAN DE INCENTIVOS | M57: Ejecución y Administración de Procesos | N57: n/a | O57: 12 | P57: =IF(AND(O57<=2),"Muy Baja",IF(AND(O57>=3,O57<=23),"Baja",IF(AND(O57>=24,O57<=499),"Media",IF(AND(O57>=500,O57<=4999),"Alta",IF(AND(O57>=5000),"Muy Alta",FALSE))))) -> Baja | Q57: =IF(AND(O57<=2),"20%",IF(AND(O57>=3,O57<=23),"40%",IF(AND(O57>=24,O57<=499),"60%",IF(AND(O57>=500,O57<=4999),"80%",IF(AND(O57>=5000),"100%",FALSE))))) -> 40% | R57: Afectación menor a 10 SMLMV | S57: =IF(AND(R57=$GB$4),"Leve",IF(AND(R57=$GB$5),"Menor",IF(AND(R57=$GB$6),"Moderado",IF(AND(R57=$GB$7),"mayor",IF(AND(R57=$GB$8),"Catastrófico",IF(AND(R57=$GB$10),"Leve",IF(AND(R57=$GB$11),"Menor",IF(AND(R57=$GB$12),"Moderado",IF(AND(R57=$GB$13),"Mayor",IF(AND(R57=$GB$14),"Catastrófico",FALSE)))))))))) -> Leve | T57: =IF(AND(S57="Leve"),"20%",IF(AND(S57="Menor"),"40%",IF(AND(S57="Moderado"),"60%",IF(AND(S57="Mayor"),"80%",IF(AND(S57="Catastrófico"),"100%",""))))) -> 20% | U57: =INDEX('[1]MATRIZ RIESGO'!$D$6:$H$10,MATCH(P57,'[1]MATRIZ RIESGO'!$C$6:$C$10,),MATCH(S57,'[1]MATRIZ RIESGO'!$D$5:$H$5,)) -> Bajo | V57: 1 | W57: El jefe de planeación con acompañamiento del profesional universitario de TIC ejecuta el procedimiento de gestión de conocimiento organizativo dejando como evidencias las actividades desarrolladas en cada vigencia. | X57: Probabilidad | Y57: Preventivo | Z57: Manual | AA57: =IF(AND(Y57=$GD$2,Z57=$GE$2),"50%",IF(AND(Y57=$GD$2,Z57=$GE$3),"40%",IF(AND(Y57=$GD$3,Z57=$GE$2),"40%",IF(AND(Y57=$GD$3,Z57=$GE$3),"30%",IF(AND(Y57=$GD$4,Z57=$GE$2),"35%",IF(AND(Y57=$GD$4,Z57=$GE$3),"25%","")))))) -> 40% | AB57: Procedimientos | AC57: Trimestral | AD57: Combinado (manual y electrónico) | AE57: Interna | AF57: =IFERROR(IF(X57="Probabilidad",(Q57-(+Q57*AA57)),IF(X57="Impacto",Q57,"")),"") -> 0.24 | AG57: =LOOKUP(2,1/(AF57:AF62<>""),AF57:AF62) -> 0.24 | AH57: =AG57*1 -> 0.24 | AI57: =IF(AND(AH57<=20%),"Muy Baja",IF(AND(AH57>=21%,AH57<=40%),"Baja",IF(AND(AH57>=41%,AH57<=60%),"Media",IF(AND(AH57>=61%,AH57<=80%),"Alta",IF(AND(AH57>=81%,AH57>=100%),"Muy Alta",FALSE))))) -> Baja | AJ57: =IFERROR(IF(X57="Impacto",(T57-(+T57*AA57)),IF(X57="Probabilidad",T57,"")),"") -> 20% | AK57: =LOOKUP(2,1/(AJ57:AJ62<>""),AJ57:AJ62) -> 20% | AL57: =AK57*1 -> 0.2 | AM57: =CHOOSE((AL57>=0%)+(AL57>=21%)+(AL57>=41%)+(AL57>=61%)+(AL57>=81%),"Leve","Menor","Moderado","Mayor","Catastrófico") -> Leve | AN57: =INDEX('[1]MATRIZ RIESGO'!$D$6:$H$10,MATCH(AI57,'[1]MATRIZ RIESGO'!$C$6:$C$10,),MATCH(AM57,'[1]MATRIZ RIESGO'!$D$5:$H$5,)) -> Bajo | AO57: Reducir (Mitigar) | AV57: Porcentaje de implementación del Plan de acción de la gestión del conocimiento | AW57: Según el seguimiento | AX57: Se hace seguimiento a los planes de accion, indicadores y plan de desarrollo cada 3 meses y a los riesgos cada 4 meses. Se recomienda ajustar la matriz de esquema de publicacion de la informacion.
AF58: =IFERROR(IF(AND(X57="Probabilidad",X58="Probabilidad"),(AF57-(+AF57*AA58)),IF(X58="Probabilidad",(Q57-(+Q57*AA58)),IF(X58="Impacto",AF57,""))),"") | AJ58: =IFERROR(IF(AND(X57="Impacto",AA58="Impacto"),(AJ57-(+AJ57*AA58)),IF(X58="Impacto",(T57-(+T57*AA58)),IF(X58="Probabilidad",AJ57,""))),"")
AF59: =IFERROR(IF(AND(X58="Probabilidad",X59="Probabilidad"),(AF58-(+AF58*AA59)),IF(X59="Probabilidad",(Q58-(+Q58*AA59)),IF(X59="Impacto",AF58,""))),"") | AJ59: =IFERROR(IF(AND(X58="Impacto",AA59="Impacto"),(AJ58-(+AJ58*AA59)),IF(X59="Impacto",(T58-(+T58*AA59)),IF(X59="Probabilidad",AJ58,""))),"")
AF60: =IFERROR(IF(AND(X59="Probabilidad",X60="Probabilidad"),(AF59-(+AF59*AA60)),IF(X60="Probabilidad",(Q59-(+Q59*AA60)),IF(X60="Impacto",AF59,""))),"") | AJ60: =IFERROR(IF(AND(X59="Impacto",AA60="Impacto"),(AJ59-(+AJ59*AA60)),IF(X60="Impacto",(T59-(+T59*AA60)),IF(X60="Probabilidad",AJ59,""))),"")
AF61: =IFERROR(IF(AND(X60="Probabilidad",X61="Probabilidad"),(AF60-(+AF60*AA61)),IF(X61="Probabilidad",(Q60-(+Q60*AA61)),IF(X61="Impacto",AF60,""))),"") | AJ61: =IFERROR(IF(AND(X60="Impacto",AA61="Impacto"),(AJ60-(+AJ60*AA61)),IF(X61="Impacto",(T60-(+T60*AA61)),IF(X61="Probabilidad",AJ60,""))),"")
AF62: =IFERROR(IF(AND(X61="Probabilidad",X62="Probabilidad"),(AF61-(+AF61*AA62)),IF(X62="Probabilidad",(Q61-(+Q61*AA62)),IF(X62="Impacto",AF61,""))),"") | AJ62: =IFERROR(IF(AND(X61="Impacto",AA62="Impacto"),(AJ61-(+AJ61*AA62)),IF(X62="Impacto",(T61-(+T61*AA62)),IF(X62="Probabilidad",AJ61,""))),"")
A63: 10 | B63: Planeación | C63: Ejecución_administración_de_procesos | D63: Falta de aplicación de los procedimientos | E63: =IFERROR(VLOOKUP(C63,Tabla4[#All],2,0),"") -> Eventos relacionados con la ejecución de los procesos y procedimientos determinados para la operación de la entidad, uso de sistemas de información, por errores en las actividades que deben realizar los servidores de la organización. Estructura organizacional que afecta la capacidad organizacional | F63: Gestión | G63: Ejecución y Administración de Procesos | H63: Reputacional y económico | I63: sanciones disciplinarias, penales, fiscales | J63: incumplimientos en términos de ley para publicar planes, proyectos e informes insitucionales a entes de control. | K63: Posibilidad de afectación aconómica y reputacional debido al incumplimientos en términos de ley para publicar planes, proyectos e informes insitucionales. | L63: PROCEDIMIENTO DOCUMENTACIÓN Y REVISIÓN DE PLANES DE ACCIÓN | M63: Ejecución y Administración de Procesos | N63: n/a | O63: 41 | P63: =IF(AND(O63<=2),"Muy Baja",IF(AND(O63>=3,O63<=23),"Baja",IF(AND(O63>=24,O63<=499),"Media",IF(AND(O63>=500,O63<=4999),"Alta",IF(AND(O63>=5000),"Muy Alta",FALSE))))) -> Media | Q63: =IF(AND(O63<=2),"20%",IF(AND(O63>=3,O63<=23),"40%",IF(AND(O63>=24,O63<=499),"60%",IF(AND(O63>=500,O63<=4999),"80%",IF(AND(O63>=5000),"100%",FALSE))))) -> 60% | R63: El riesgo afecta la imagen de la entidad con algunos usuarios de relevancia frente al logro de los objetivos | S63: =IF(AND(R63=$GB$4),"Leve",IF(AND(R63=$GB$5),"Menor",IF(AND(R63=$GB$6),"Moderado",IF(AND(R63=$GB$7),"mayor",IF(AND(R63=$GB$8),"Catastrófico",IF(AND(R63=$GB$10),"Leve",IF(AND(R63=$GB$11),"Menor",IF(AND(R63=$GB$12),"Moderado",IF(AND(R63=$GB$13),"Mayor",IF(AND(R63=$GB$14),"Catastrófico",FALSE)))))))))) -> Moderado | T63: =IF(AND(S63="Leve"),"20%",IF(AND(S63="Menor"),"40%",IF(AND(S63="Moderado"),"60%",IF(AND(S63="Mayor"),"80%",IF(AND(S63="Catastrófico"),"100%",""))))) -> 60% | U63: =INDEX('[1]MATRIZ RIESGO'!$D$6:$H$10,MATCH(P63,'[1]MATRIZ RIESGO'!$C$6:$C$10,),MATCH(S63,'[1]MATRIZ RIESGO'!$D$5:$H$5,)) -> Moderado | V63: 1 | W63: El jefe de la oficina asesora de planeación realiza revisión de los documentos a publicar en el sitio web de acuerdo a los plazos de cada plan, si no se encuentran todos los documentos que por ley se deben publicar, se envía correo electrónico al responsable. | X63: Probabilidad | Y63: Preventivo | Z63: Manual | AA63: =IF(AND(Y63=$GD$2,Z63=$GE$2),"50%",IF(AND(Y63=$GD$2,Z63=$GE$3),"40%",IF(AND(Y63=$GD$3,Z63=$GE$2),"40%",IF(AND(Y63=$GD$3,Z63=$GE$3),"30%",IF(AND(Y63=$GD$4,Z63=$GE$2),"35%",IF(AND(Y63=$GD$4,Z63=$GE$3),"25%","")))))) -> 40% | AB63: Combinación análisis documental y sistemas de información de apoyo | AC63: Siempre que se ejecuta la actividad | AD63: Con registro electrónico | AE63: Interna | AF63: =IFERROR(IF(X63="Probabilidad",(Q63-(+Q63*AA63)),IF(X63="Impacto",Q63,"")),"") -> 0.36 | AG63: =LOOKUP(2,1/(AF63:AF68<>""),AF63:AF68) -> 0.36 | AH63: =AG63*1 -> 0.36 | AI63: =IF(AND(AH63<=20%),"Muy Baja",IF(AND(AH63>=21%,AH63<=40%),"Baja",IF(AND(AH63>=41%,AH63<=60%),"Media",IF(AND(AH63>=61%,AH63<=80%),"Alta",IF(AND(AH63>=81%,AH63>=100%),"Muy Alta",FALSE))))) -> Baja | AJ63: =IFERROR(IF(X63="Impacto",(T63-(+T63*AA63)),IF(X63="Probabilidad",T63,"")),"") -> 60% | AK63: =LOOKUP(2,1/(AJ63:AJ68<>""),AJ63:AJ68) -> 60% | AL63: =AK63*1 -> 0.6 | AM63: =CHOOSE((AL63>=0%)+(AL63>=21%)+(AL63>=41%)+(AL63>=61%)+(AL63>=81%),"Leve","Menor","Moderado","Mayor","Catastrófico") -> Moderado | AN63: =INDEX('[1]MATRIZ RIESGO'!$D$6:$H$10,MATCH(AI63,'[1]MATRIZ RIESGO'!$C$6:$C$10,),MATCH(AM63,'[1]MATRIZ RIESGO'!$D$5:$H$5,)) -> Moderado | AO63: Reducir (Mitigar) | AV63: Porcentaje de documentos publicados Numero de documentos publicados/Total de documentos a publicar*100 | AW63: Según el seguimiento | AX63: No se estan realizando cursos actualmente, plataforma desahbilitada. Esperando permisos del ministerio. | GA63: Seguridad digital | GB63: Pérdida Reputacional
AF64: =IFERROR(IF(AND(X63="Probabilidad",X64="Probabilidad"),(AF63-(+AF63*AA64)),IF(X64="Probabilidad",(Q63-(+Q63*AA64)),IF(X64="Impacto",AF63,""))),"") | AJ64: =IFERROR(IF(AND(X63="Impacto",AA64="Impacto"),(AJ63-(+AJ63*AA64)),IF(X64="Impacto",(T63-(+T63*AA64)),IF(X64="Probabilidad",AJ63,""))),"") | GA64: Daños a activos fijos | GB64: El riesgo afecta la imagen de alguna área de la organización
AF65: =IFERROR(IF(AND(X64="Probabilidad",X65="Probabilidad"),(AF64-(+AF64*AA65)),IF(X65="Probabilidad",(Q64-(+Q64*AA65)),IF(X65="Impacto",AF64,""))),"") | AJ65: =IFERROR(IF(AND(X64="Impacto",AA65="Impacto"),(AJ64-(+AJ64*AA65)),IF(X65="Impacto",(T64-(+T64*AA65)),IF(X65="Probabilidad",AJ64,""))),"") | GB65: El riesgo afecta la imagen de la entidad internamente, de conocimiento general, nivel interno, de junta dircetiva y accionistas y/o de provedores
AF66: =IFERROR(IF(AND(X65="Probabilidad",X66="Probabilidad"),(AF65-(+AF65*AA66)),IF(X66="Probabilidad",(Q65-(+Q65*AA66)),IF(X66="Impacto",AF65,""))),"") | AJ66: =IFERROR(IF(AND(X65="Impacto",AA66="Impacto"),(AJ65-(+AJ65*AA66)),IF(X66="Impacto",(T65-(+T65*AA66)),IF(X66="Probabilidad",AJ65,""))),"") | GB66: El riesgo afecta la imagen de la entidad con algunos usuarios de relevancia frente al logro de los objetivos
AF67: =IFERROR(IF(AND(X66="Probabilidad",X67="Probabilidad"),(AF66-(+AF66*AA67)),IF(X67="Probabilidad",(Q66-(+Q66*AA67)),IF(X67="Impacto",AF66,""))),"") | AJ67: =IFERROR(IF(AND(X66="Impacto",AA67="Impacto"),(AJ66-(+AJ66*AA67)),IF(X67="Impacto",(T66-(+T66*AA67)),IF(X67="Probabilidad",AJ66,""))),"") | GB67: El riesgo afecta la imagen de de la entidad con efecto publicitario sostenido a nivel de sector administrativo, nivel departamental o municipal
AF68: =IFERROR(IF(AND(X67="Probabilidad",X68="Probabilidad"),(AF67-(+AF67*AA68)),IF(X68="Probabilidad",(Q67-(+Q67*AA68)),IF(X68="Impacto",AF67,""))),"") | AJ68: =IFERROR(IF(AND(X67="Impacto",AA68="Impacto"),(AJ67-(+AJ67*AA68)),IF(X68="Impacto",(T67-(+T67*AA68)),IF(X68="Probabilidad",AJ67,""))),"") | GB68: El riesgo afecta la imagen de la entidad a nivel nacional, con efecto publicitarios sostenible a nivel país
A69: 11 | B69: Reeducación al conductor | C69: TalentoHumano | D69: Falta de capacitación y otros temas relacionados con el personal | E69: =IFERROR(VLOOKUP(C69,Tabla4[#All],2,0),"") -> Eventos relacionados con las conductas o comportamientos de los empleados que afectan la Integridad Pública | F69: Gestión | G69: Relaciones laborales Usuarios, productos y prácticas | H69: Reputacional | I69: pérdida de confianza por parte de la ciudadanía | J69: Prestación del servicio de cursos sobre normas de tránsito sin el cumplimiento de los requisitos legales y lineamientos internos y externos. | K69: Posibilidad de afectación reputacional por pérdida de confianza por parte de la ciudadanía, debido a la Prestación del servicio de cursos sobre normas de tránsito sin el cumplimiento de los requisitos legales y lineamientos internos y externos. | L69: PROCEDIMIENTO PLANIFICACIÓN Y DESARROLLO DEL CURSO EN NORMAS DE TRÁNSITO | M69: Relaciones laborales Usuarios, productos y prácticas | N69: n/a | O69: 0 | P69: =IF(AND(O69<=2),"Muy Baja",IF(AND(O69>=3,O69<=23),"Baja",IF(AND(O69>=24,O69<=499),"Media",IF(AND(O69>=500,O69<=4999),"Alta",IF(AND(O69>=5000),"Muy Alta",FALSE))))) -> Muy Baja | Q69: =IF(AND(O69<=2),"20%",IF(AND(O69>=3,O69<=23),"40%",IF(AND(O69>=24,O69<=499),"60%",IF(AND(O69>=500,O69<=4999),"80%",IF(AND(O69>=5000),"100%",FALSE))))) -> 20% | R69: El riesgo afecta la imagen de la entidad con algunos usuarios de relevancia frente al logro de los objetivos | S69: =IF(AND(R69=$GB$4),"Leve",IF(AND(R69=$GB$5),"Menor",IF(AND(R69=$GB$6),"Moderado",IF(AND(R69=$GB$7),"mayor",IF(AND(R69=$GB$8),"Catastrófico",IF(AND(R69=$GB$10),"Leve",IF(AND(R69=$GB$11),"Menor",IF(AND(R69=$GB$12),"Moderado",IF(AND(R69=$GB$13),"Mayor",IF(AND(R69=$GB$14),"Catastrófico",FALSE)))))))))) -> Moderado | T69: =IF(AND(S69="Leve"),"20%",IF(AND(S69="Menor"),"40%",IF(AND(S69="Moderado"),"60%",IF(AND(S69="Mayor"),"80%",IF(AND(S69="Catastrófico"),"100%",""))))) -> 60% | U69: =INDEX('[1]MATRIZ RIESGO'!$D$6:$H$10,MATCH(P69,'[1]MATRIZ RIESGO'!$C$6:$C$10,),MATCH(S69,'[1]MATRIZ RIESGO'!$D$5:$H$5,)) -> Moderado | V69: 1 | W69: El instructor verifica trimestralmente los requisitos legales y normativos frente a las necesidades de los usuarios, a través del seguimiento de los lineamientos establecidos en el procedimiento planificación y desarrollo de cursos en normas de tránsito, dejando como registro acta de actualización. | X69: Probabilidad | Y69: Preventivo | Z69: Manual | AA69: =IF(AND(Y69=$GD$2,Z69=$GE$2),"50%",IF(AND(Y69=$GD$2,Z69=$GE$3),"40%",IF(AND(Y69=$GD$3,Z69=$GE$2),"40%",IF(AND(Y69=$GD$3,Z69=$GE$3),"30%",IF(AND(Y69=$GD$4,Z69=$GE$2),"35%",IF(AND(Y69=$GD$4,Z69=$GE$3),"25%","")))))) -> 40% | AB69: Sistemas de información | AC69: Diario | AD69: Con registro electrónico | AE69: Interna | AF69: =IFERROR(IF(X69="Probabilidad",(Q69-(+Q69*AA69)),IF(X69="Impacto",Q69,"")),"") -> 0.12 | AG69: =LOOKUP(2,1/(AF69:AF74<>""),AF69:AF74) -> 0.0432 | AH69: =AG69*1 -> 0.0432 | AI69: =IF(AND(AH69<=20%),"Muy Baja",IF(AND(AH69>=21%,AH69<=40%),"Baja",IF(AND(AH69>=41%,AH69<=60%),"Media",IF(AND(AH69>=61%,AH69<=80%),"Alta",IF(AND(AH69>=81%,AH69>=100%),"Muy Alta",FALSE))))) -> Muy Baja | AJ69: =IFERROR(IF(X69="Impacto",(T69-(+T69*AA69)),IF(X69="Probabilidad",T69,"")),"") -> 60% | AK69: =LOOKUP(2,1/(AJ69:AJ74<>""),AJ69:AJ74) -> 60% | AL69: =AK69*1 -> 0.6 | AM69: =CHOOSE((AL69>=0%)+(AL69>=21%)+(AL69>=41%)+(AL69>=61%)+(AL69>=81%),"Leve","Menor","Moderado","Mayor","Catastrófico") -> Moderado | AN69: =IF(OR(AND(AI69="Media",AM69="Leve"),AND(AI69="Alta",AM69="Leve"),AND(AI69="Alta",AM69="Menor"),AND(AI69="Media",AM69="Menor"),AND(AI69="Baja",AM69="Menor"),AND(AI69="Media",AM69="Moderado"),AND(AI69="Baja",AM69="Moderado"),AND(AI69="Muy Baja",AM69="Moderado")),"Moderado",IF(OR(AND(AI69="Baja",AM69="Leve"),AND(AI69="Muy Baja",AM69="Leve"),AND(AI69="Muy Baja",AM69="Menor")),"Bajo",IF(OR(AND(AI69="Muy Alta",AM69="Leve"),AND(AI69="Muy Alta",AM69="Menor"),AND(AI69="Muy Alta",AM69="Moderado"),AND(AI69="Alta",AM69="Moderado"),AND(AI69="Muy Alta",AM69="Mayor"),AND(AI69="Alta",AM69="Mayor"),AND(AI69="Media",AM69="Mayor"),AND(AI69="Baja",AM69="Mayor"),AND(AI69="Muy Baja",AM69="Mayor")),"Alto",IF(OR(AND(AI69="Alta",AM69="Catastrófico"),AND(AI69="Muy Alta",AM69="Catastrófico"),AND(AI69="Media",AM69="Catastrófico"),AND(AI69="Baja",AM69="Catastrófico"),AND(AI69="Muy Baja",AM69="Catastrófico")),"Extremo",IF(AM69="Catastrófico","Extremo"))))) -> Moderado | AO69: Aceptar | AV69: Cantidad de cursos desarroladosde acuerdo a los lineamientos de tránsito establecido | AW69: Según el seguimiento | AX69: No se esta midiendo los indicadores y no estan arituculados con los procesos. El plan de accion del ano 2023 se ejecuto, se reunieron con proveedores para garantizar que siempre hubiesen insumos. | GA69: Seguridad digital | GB69: Pérdida Reputacional
V70: 2 | W70: El instructor analiza trimestralmente las técnicas didácticas o estrategias pedagógicas utilizadas durante los cursos pedagógicos por infracción a las normas de tránsito a través del seguimiento de los lineamientos establecidos en el procedimiento de planificación y desarrollo de cursos en normas de tránsito y la escuela de seguridad vial de la Agencia Nacional de Seguridad vial, dejando como registro las actas de seguimiento. | X70: Probabilidad | Y70: Preventivo | Z70: Manual | AA70: =IF(AND(Y70=$GD$2,Z70=$GE$2),"50%",IF(AND(Y70=$GD$2,Z70=$GE$3),"40%",IF(AND(Y70=$GD$3,Z70=$GE$2),"40%",IF(AND(Y70=$GD$3,Z70=$GE$3),"30%",IF(AND(Y70=$GD$4,Z70=$GE$2),"35%",IF(AND(Y70=$GD$4,Z70=$GE$3),"25%","")))))) -> 40% | AB70: Sistemas de información | AC70: Trimestral | AD70: Con registro electrónico | AE70: Interna | AF70: =IFERROR(IF(AND(X69="Probabilidad",X70="Probabilidad"),(AF69-(+AF69*AA70)),IF(X70="Probabilidad",(Q69-(+Q69*AA70)),IF(X70="Impacto",AF69,""))),"") -> 0.072 | AJ70: =IFERROR(IF(AND(X69="Impacto",AA70="Impacto"),(AJ69-(+AJ69*AA70)),IF(X70="Impacto",(T69-(+T69*AA70)),IF(X70="Probabilidad",AJ69,""))),"") -> 60% | GA70: Daños a activos fijos | GB70: El riesgo afecta la imagen de alguna área de la organización
V71: 3 | W71: El instructor realiza informe mensual de las infracciones más frecuentes y la infracción reincidente más frecuente dejando como evidencia el informe enviado al subdirector de seguridad vial. | X71: Probabilidad | Y71: Preventivo | Z71: Manual | AA71: =IF(AND(Y71=$GD$2,Z71=$GE$2),"50%",IF(AND(Y71=$GD$2,Z71=$GE$3),"40%",IF(AND(Y71=$GD$3,Z71=$GE$2),"40%",IF(AND(Y71=$GD$3,Z71=$GE$3),"30%",IF(AND(Y71=$GD$4,Z71=$GE$2),"35%",IF(AND(Y71=$GD$4,Z71=$GE$3),"25%","")))))) -> 40% | AB71: Sistemas de información | AC71: Mensual | AD71: Combinado (manual y electrónico) | AE71: Interna | AF71: =IFERROR(IF(AND(X70="Probabilidad",X71="Probabilidad"),(AF70-(+AF70*AA71)),IF(X71="Probabilidad",(Q70-(+Q70*AA71)),IF(X71="Impacto",AF70,""))),"") -> 0.0432 | AJ71: =IFERROR(IF(AND(X70="Impacto",AA71="Impacto"),(AJ70-(+AJ70*AA71)),IF(X71="Impacto",(T70-(+T70*AA71)),IF(X71="Probabilidad",AJ70,""))),"") -> 60% | GB71: El riesgo afecta la imagen de la entidad internamente, de conocimiento general, nivel interno, de junta dircetiva y accionistas y/o de provedores
AA72: =IF(AND(Y72=$GD$2,Z72=$GE$2),"50%",IF(AND(Y72=$GD$2,Z72=$GE$3),"40%",IF(AND(Y72=$GD$3,Z72=$GE$2),"40%",IF(AND(Y72=$GD$3,Z72=$GE$3),"30%",IF(AND(Y72=$GD$4,Z72=$GE$2),"35%",IF(AND(Y72=$GD$4,Z72=$GE$3),"25%","")))))) | AF72: =IFERROR(IF(AND(X71="Probabilidad",X72="Probabilidad"),(AF71-(+AF71*AA72)),IF(X72="Probabilidad",(Q71-(+Q71*AA72)),IF(X72="Impacto",AF71,""))),"") | AJ72: =IFERROR(IF(AND(X71="Impacto",AA72="Impacto"),(AJ71-(+AJ71*AA72)),IF(X72="Impacto",(T71-(+T71*AA72)),IF(X72="Probabilidad",AJ71,""))),"") | GB72: El riesgo afecta la imagen de la entidad con algunos usuarios de relevancia frente al logro de los objetivos
AA73: =IF(AND(Y73=$GD$2,Z73=$GE$2),"50%",IF(AND(Y73=$GD$2,Z73=$GE$3),"40%",IF(AND(Y73=$GD$3,Z73=$GE$2),"40%",IF(AND(Y73=$GD$3,Z73=$GE$3),"30%",IF(AND(Y73=$GD$4,Z73=$GE$2),"35%",IF(AND(Y73=$GD$4,Z73=$GE$3),"25%","")))))) | AF73: =IFERROR(IF(AND(X72="Probabilidad",X73="Probabilidad"),(AF72-(+AF72*AA73)),IF(X73="Probabilidad",(Q72-(+Q72*AA73)),IF(X73="Impacto",AF72,""))),"") | AJ73: =IFERROR(IF(AND(X72="Impacto",AA73="Impacto"),(AJ72-(+AJ72*AA73)),IF(X73="Impacto",(T72-(+T72*AA73)),IF(X73="Probabilidad",AJ72,""))),"") | GB73: El riesgo afecta la imagen de de la entidad con efecto publicitario sostenido a nivel de sector administrativo, nivel departamental o municipal
AA74: =IF(AND(Y74=$GD$2,Z74=$GE$2),"50%",IF(AND(Y74=$GD$2,Z74=$GE$3),"40%",IF(AND(Y74=$GD$3,Z74=$GE$2),"40%",IF(AND(Y74=$GD$3,Z74=$GE$3),"30%",IF(AND(Y74=$GD$4,Z74=$GE$2),"35%",IF(AND(Y74=$GD$4,Z74=$GE$3),"25%","")))))) | AF74: =IFERROR(IF(AND(X73="Probabilidad",X74="Probabilidad"),(AF73-(+AF73*AA74)),IF(X74="Probabilidad",(Q73-(+Q73*AA74)),IF(X74="Impacto",AF73,""))),"") | AJ74: =IFERROR(IF(AND(X73="Impacto",AA74="Impacto"),(AJ73-(+AJ73*AA74)),IF(X74="Impacto",(T73-(+T73*AA74)),IF(X74="Probabilidad",AJ73,""))),"") | GB74: El riesgo afecta la imagen de la entidad a nivel nacional, con efecto publicitarios sostenible a nivel país
A75: 12 | B75: Reeducacion al conductor | C75: TalentoHumano | D75: Soborno | E75: =IFERROR(VLOOKUP(C75,Tabla4[#All],2,0),"") -> Eventos relacionados con las conductas o comportamientos de los empleados que afectan la Integridad Pública | F75: Integridad Pùblica - Corrupción | G75: Integridad Publica | H75: Reputacional y económico | I75: multa o sanción del ente regulador e investigaciones disciplinarias | J75: Fallas en la cultura de la probidad que generan Afectación de la integridad de las entidades y la confianza de los ciudadanos | K75: Posibilidad de recibir dádivas o beneficios a nombre propio o de terceros por la no realización del curso de reeducación al ciudadano a infractores de normas de tránsito. | L75: PROCEDIMIENTO PLANIFICACIÓN Y DESARROLLO DEL CURSO EN NORMAS DE TRÁNSITO. | M75: Integridad Publica | O75: 750 | P75: =IF(O75="","",IF(O75<=2,"Muy Baja",IF(O75<=24,"Baja",IF(O75<=500,"Media",IF(O75<=5000,"Alta","Muy Alta"))))) -> Alta | Q75: =IF(O75="","",IF(O75<=2,20%,IF(O75<=24,40%,IF(O75<=500,60%,IF(O75<=5000,80%,100%))))) -> 0.8 | R75: El riesgo afecta la imagen de la entidad con algunos usuarios de relevancia frente al logro de los objetivos | S75: Mayor | T75: 0.6 | U75: =IF(OR(Q75="",T75=""),"",IF(Q75=100%,IF(T75=100%,"Extremo","Alto"),IF(Q75=80%,IF(T75=100%,"Extremo",IF(T75>=60%,"Alto","Moderado")),IF(Q75=60%,IF(T75=100%,"Extremo",IF(T75>=80%,"Alto","Moderado")),IF(Q75=40%,IF(T75=100%,"Extremo",IF(T75>=80%,"Alto",IF(T75>=40%,"Moderado","Bajo"))),IF(T75=100%,"Extremo",IF(T75=80%,"Alto",IF(T75=60%,"Moderado","Bajo")))))))) -> Alto | V75: 1 | W75: El instructor verifica que la persona que llegue a liquidar el curso sea el presunto infractor comparando el documento de identidad en físico frente a la orden de comparendo dejando como evidencia el acta que genera el sistema QUIPUX. | X75: Probabilidad | Y75: Detectivo | Z75: Manual | AA75: =IF(OR(Y75="",Z75=""),"",IF(AND(Y75="Preventivo",Z75="Automático"),50%,IF(AND(Y75="Preventivo",Z75="Manual"),40%,IF(AND(Y75="Detectivo",Z75="Automático"),40%,IF(AND(Y75="Detectivo",Z75="Manual"),30%,IF(AND(Y75="Correctivo",Z75="Automático"),35%,IF(AND(Y75="Correctivo",Z75="Manual"),25%,""))))))) -> 0.3 | AB75: Sistemas de información | AC75: Diario | AD75: Con registro electrónico | AE75: Mixta | AF75: =IF(Q75="","",Q75*(IF(AND(X75="Probabilidad",OR(Y75="Preventivo",Y75="Detectivo"),ISNUMBER(AA75)),1-AA75,1))) -> 0.56 | AG75: =IF(AF75="","",IF(AF75<=20%,20%,IF(AF75<=40%,40%,IF(AF75<=60%,60%,IF(AF75<=80%,80%,100%))))) -> 0.6 | AI75: Muy Baja | AJ75: =IF(T75="","",T75*(IF(AND(X75="Impacto",Y75="Correctivo",ISNUMBER(AA75)),1-AA75,1))) -> 0.6 | AK75: =IF(AJ75="","",IF(AJ75<=20%,20%,IF(AJ75<=40%,40%,IF(AJ75<=60%,60%,IF(AJ75<=80%,80%,100%))))) -> 0.6 | AM75: =IF(OR(AF75="",AJ75=""),"",IF(AF75=100%,IF(AJ75=100%,"Extremo","Alto"),IF(AF75=80%,IF(AJ75=100%,"Extremo",IF(AJ75>=60%,"Alto","Moderado")),IF(AF75=60%,IF(AJ75=100%,"Extremo",IF(AJ75>=80%,"Alto","Moderado")),IF(AF75=40%,IF(AJ75=100%,"Extremo",IF(AJ75>=80%,"Alto",IF(AJ75>=40%,"Moderado","Bajo"))),IF(AJ75=100%,"Extremo",IF(AJ75=80%,"Alto",IF(AJ75=60%,"Moderado","Bajo")))))))) -> Moderado | AN75: =IF(OR(AG75="",AK75=""),"",IF(AG75=100%,IF(AK75=100%,"Extremo","Alto"),IF(AG75=80%,IF(AK75=100%,"Extremo",IF(AK75>=60%,"Alto","Moderado")),IF(AG75=60%,IF(AK75=100%,"Extremo",IF(AK75>=80%,"Alto","Moderado")),IF(AG75=40%,IF(AK75=100%,"Extremo",IF(AK75>=80%,"Alto",IF(AK75>=40%,"Moderado","Bajo"))),IF(AK75=100%,"Extremo",IF(AK75=80%,"Alto",IF(AK75=60%,"Moderado","Bajo")))))))) -> Moderado | AO75: Reducir (Mitigar) | AW75: Según el seguimiento
A81: 13 | B81: Gestión de recursos e infraestructura - subproceso Administrativo | C81: Ejecución_administración_de_procesos | D81: Ejecución_administración_de_procesos | E81: =IFERROR(VLOOKUP(C81,Tabla4[#All],2,0),"") -> Eventos relacionados con la ejecución de los procesos y procedimientos determinados para la operación de la entidad, uso de sistemas de información, por errores en las actividades que deben realizar los servidores de la organización. Estructura organizacional que afecta la capacidad organizacional | F81: Gestión | G81: Ejecución y Administración de Procesos | H81: Reputacional | I81: reprocesos, quejas de los usuarios y funcionarios de la entidad | J81: no disponibilidad de los insumos por no solicitud de los insumos al proveedor del servicio o que el proveedor no tenga disponibles los insumos solicitados. | K81: Posibilidad de afectación reputacional por reprocesos, quejas de los usuarios y funcionarios de la entidad debido a la no disponibilidad de los insumos por no solicitud de los insumos al proveedor del servicio o que el proveedor no tenga disponibles los insumos solicitados. | L81: PROCEDIMIENTO ENTRADA DE ELEMENTOS DE CONSUMO Y DEVOLUTIVOS AL ALMACÉN | M81: Ejecución y Administración de Procesos | N81: No aplica | O81: 12 | P81: =IF(AND(O81<=2),"Muy Baja",IF(AND(O81>=3,O81<=23),"Baja",IF(AND(O81>=24,O81<=499),"Media",IF(AND(O81>=500,O81<=4999),"Alta",IF(AND(O81>=5000),"Muy Alta",FALSE))))) -> Baja | Q81: =IF(AND(O81<=2),"20%",IF(AND(O81>=3,O81<=23),"40%",IF(AND(O81>=24,O81<=499),"60%",IF(AND(O81>=500,O81<=4999),"80%",IF(AND(O81>=5000),"100%",FALSE))))) -> 40% | R81: El riesgo afecta la imagen de la entidad con algunos usuarios de relevancia frente al logro de los objetivos | S81: =IF(AND(R81=$GB$4),"Leve",IF(AND(R81=$GB$5),"Menor",IF(AND(R81=$GB$6),"Moderado",IF(AND(R81=$GB$7),"mayor",IF(AND(R81=$GB$8),"Catastrófico",IF(AND(R81=$GB$10),"Leve",IF(AND(R81=$GB$11),"Menor",IF(AND(R81=$GB$12),"Moderado",IF(AND(R81=$GB$13),"Mayor",IF(AND(R81=$GB$14),"Catastrófico",FALSE)))))))))) -> Moderado | T81: =IF(AND(S81="Leve"),"20%",IF(AND(S81="Menor"),"40%",IF(AND(S81="Moderado"),"60%",IF(AND(S81="Mayor"),"80%",IF(AND(S81="Catastrófico"),"100%",""))))) -> 60% | U81: =IF(AND(Q81<="40%",T81="20%"),"Bajo",IF(AND(Q81="60%",T81="20%"),"Moderado",IF(AND(Q81="80%",T81="20%"),"Moderado",IF(AND(Q81="100%",T81="20%"),"Alto",IF(AND(Q81="20%",T81="40%"),"Bajo",IF(AND(Q81="40%",T81="40%"),"Moderado",IF(AND(Q81="60%",T81="40%"),"Moderado",IF(AND(Q81="80%",T81="40%"),"Moderado",IF(AND(Q81="100%",T81="40%"),"Alto",IF(AND(Q81="20%",T81="60%"),"Moderado",IF(AND(Q81="40%",T81="60%"),"Moderado",IF(AND(Q81="60%",T81="60%"),"Moderado",IF(AND(Q81="80%",T81="60%"),"Alto",IF(AND(Q81="100%",T81="60%"),"Alto",IF(AND(Q81="20%",T81="80%"),"Alto",IF(AND(Q81="40%",T81="80%"),"Alto",IF(AND(Q81="60%",T81="80%"),"Alto",IF(AND(Q81="80%",T81="80%"),"Alto",IF(AND(Q81="100%",T81="80%"),"Alto",IF(AND(Q81="20%",T81="100%"),"Extremo",IF(AND(Q81="40%",T81="100%"),"Extremo",IF(AND(Q81="60%",T81="100%"),"Extremo",IF(AND(Q81="80%",T81="100%"),"Moderado",IF(AND(Q81="100%",T81="100%"),"Extremo","""")))))))))))))))))))))))) -> Moderado | V81: 1 | W81: El auxiliar administrativo efectua mensualmente la actualizacion de las entradas y salidas de almacén tanto física como sistemáticamente, dejando como evidencia los soportes automáticos de los insumos generados por SIIAFE y el formato de solicitud y entrega diligenciado y firmado | X81: Probabilidad | Y81: Preventivo | Z81: Manual | AA81: =IF(AND(Y81=$GD$2,Z81=$GE$2),"50%",IF(AND(Y81=$GD$2,Z81=$GE$3),"40%",IF(AND(Y81=$GD$3,Z81=$GE$2),"40%",IF(AND(Y81=$GD$3,Z81=$GE$3),"30%",IF(AND(Y81=$GD$4,Z81=$GE$2),"35%",IF(AND(Y81=$GD$4,Z81=$GE$3),"25%","")))))) -> 40% | AB81: Sistemas de información | AC81: Mensual | AD81: Con registro manual | AE81: Interna | AF81: =IFERROR(IF(X81="Probabilidad",(Q81-(+Q81*AA81)),IF(X81="Impacto",Q81,"")),"") -> 0.24 | AG81: =LOOKUP(2,1/(AF81:AF86<>""),AF81:AF86) -> 0.144 | AI81: =IF(AND(AG81<=20%),"Muy Baja",IF(AND(AG81>=21%,AG81<=40%),"Baja",IF(AND(AG81>=41%,AG81<=60%),"Media",IF(AND(AG81>=61%,AG81<=80%),"Alta",IF(AND(AG81>=81%,AG81>=100%),"Muy Alta",FALSE))))) -> Muy Baja | AJ81: =IFERROR(IF(X81="Impacto",(T81-(+T81*AA81)),IF(X81="Probabilidad",T81,"")),"") -> 60% | AK81: =LOOKUP(2,1/(AJ81:AJ86<>""),AJ81:AJ86) -> 60% | AM81: =IF(AND(AK81<=20%),"Leve",IF(AND(AK81>=21%,AK81<=40%),"Menor",IF(AND(AK81>=41%,AK81<="60%"),"Moderado",IF(AND(AK81>=61%,AK81<=80%),"Mayor",IF(AND(AK81>=81%,AK81>=100%),"Catastrófico",FALSE))))) -> Moderado | AN81: =IF(OR(AND(AI81="Media",AM81="Leve"),AND(AI81="Alta",AM81="Leve"),AND(AI81="Alta",AM81="Menor"),AND(AI81="Media",AM81="Menor"),AND(AI81="Baja",AM81="Menor"),AND(AI81="Media",AM81="Moderado"),AND(AI81="Baja",AM81="Moderado"),AND(AI81="Muy Baja",AM81="Moderado")),"Moderado",IF(OR(AND(AI81="Baja",AM81="Leve"),AND(AI81="Muy Baja",AM81="Leve"),AND(AI81="Muy Baja",AM81="Menor")),"Bajo",IF(OR(AND(AI81="Muy Alta",AM81="Leve"),AND(AI81="Muy Alta",AM81="Menor"),AND(AI81="Muy Alta",AM81="Moderado"),AND(AI81="Alta",AM81="Moderado"),AND(AI81="Muy Alta",AM81="Mayor"),AND(AI81="Alta",AM81="Mayor"),AND(AI81="Media",AM81="Mayor"),AND(AI81="Baja",AM81="Mayor"),AND(AI81="Muy Baja",AM81="Mayor")),"Alto",IF(OR(AND(AI81="Alta",AM81="Catastrófico"),AND(AI81="Muy Alta",AM81="Catastrófico"),AND(AI81="Media",AM81="Catastrófico"),AND(AI81="Baja",AM81="Catastrófico"),AND(AI81="Muy Baja",AM81="Catastrófico")),"Extremo",IF(AM81="Catastrófico","Extremo"))))) -> Moderado | AO81: Reducir (Mitigar) | AV81: Solicitudes de insumos atendidos Elementos efectivamente entregados/Elementos solicitados | AW81: Según el seguimiento | AX81: Se esta trabajando con el inventario del ano 2023. Se registra entrada y salidas
V82: 2 | W82: El auxiliar administrativo realiza verificación de inventario de insumos del instituto a comienzo del año y realiza la proyección de consumo mensual para la vigencia, teniendo en cuenta el consumo histórico. | X82: Probabilidad | Y82: Preventivo | Z82: Manual | AA82: =IF(AND(Y82=$GD$2,Z82=$GE$2),"50%",IF(AND(Y82=$GD$2,Z82=$GE$3),"40%",IF(AND(Y82=$GD$3,Z82=$GE$2),"40%",IF(AND(Y82=$GD$3,Z82=$GE$3),"30%",IF(AND(Y82=$GD$4,Z82=$GE$2),"35%",IF(AND(Y82=$GD$4,Z82=$GE$3),"25%","")))))) -> 40% | AB82: Sistemas de información | AC82: Mensual | AD82: Con registro manual | AE82: Interna | AF82: =IFERROR(IF(AND(X81="Probabilidad",X82="Probabilidad"),(AF81-(+AF81*AA82)),IF(X82="Probabilidad",(Q81-(+Q81*AA82)),IF(X82="Impacto",AF81,""))),"") -> 0.144 | AJ82: =IFERROR(IF(AND(X81="Impacto",AA82="Impacto"),(AJ81-(+AJ81*AA82)),IF(X82="Impacto",(T81-(+T81*AA82)),IF(X82="Probabilidad",AJ81,""))),"") -> 60%
AA83: =IF(AND(Y83=$GD$2,Z83=$GE$2),"50%",IF(AND(Y83=$GD$2,Z83=$GE$3),"40%",IF(AND(Y83=$GD$3,Z83=$GE$2),"40%",IF(AND(Y83=$GD$3,Z83=$GE$3),"30%",IF(AND(Y83=$GD$4,Z83=$GE$2),"35%",IF(AND(Y83=$GD$4,Z83=$GE$3),"25%","")))))) | AF83: =IFERROR(IF(AND(X82="Probabilidad",X83="Probabilidad"),(AF82-(+AF82*AA83)),IF(X83="Probabilidad",(Q82-(+Q82*AA83)),IF(X83="Impacto",AF82,""))),"") | AJ83: =IFERROR(IF(AND(X82="Impacto",AA83="Impacto"),(AJ82-(+AJ82*AA83)),IF(X83="Impacto",(T82-(+T82*AA83)),IF(X83="Probabilidad",AJ82,""))),"")
AA84: =IF(AND(Y84=$GD$2,Z84=$GE$2),"50%",IF(AND(Y84=$GD$2,Z84=$GE$3),"40%",IF(AND(Y84=$GD$3,Z84=$GE$2),"40%",IF(AND(Y84=$GD$3,Z84=$GE$3),"30%",IF(AND(Y84=$GD$4,Z84=$GE$2),"35%",IF(AND(Y84=$GD$4,Z84=$GE$3),"25%","")))))) | AF84: =IFERROR(IF(AND(X83="Probabilidad",X84="Probabilidad"),(AF83-(+AF83*AA84)),IF(X84="Probabilidad",(Q83-(+Q83*AA84)),IF(X84="Impacto",AF83,""))),"") | AJ84: =IFERROR(IF(AND(X83="Impacto",AA84="Impacto"),(AJ83-(+AJ83*AA84)),IF(X84="Impacto",(T83-(+T83*AA84)),IF(X84="Probabilidad",AJ83,""))),"")
AA85: =IF(AND(Y85=$GD$2,Z85=$GE$2),"50%",IF(AND(Y85=$GD$2,Z85=$GE$3),"40%",IF(AND(Y85=$GD$3,Z85=$GE$2),"40%",IF(AND(Y85=$GD$3,Z85=$GE$3),"30%",IF(AND(Y85=$GD$4,Z85=$GE$2),"35%",IF(AND(Y85=$GD$4,Z85=$GE$3),"25%","")))))) | AF85: =IFERROR(IF(AND(X84="Probabilidad",X85="Probabilidad"),(AF84-(+AF84*AA85)),IF(X85="Probabilidad",(Q84-(+Q84*AA85)),IF(X85="Impacto",AF84,""))),"") | AJ85: =IFERROR(IF(AND(X84="Impacto",AA85="Impacto"),(AJ84-(+AJ84*AA85)),IF(X85="Impacto",(T84-(+T84*AA85)),IF(X85="Probabilidad",AJ84,""))),"")
AA86: =IF(AND(Y86=$GD$2,Z86=$GE$2),"50%",IF(AND(Y86=$GD$2,Z86=$GE$3),"40%",IF(AND(Y86=$GD$3,Z86=$GE$2),"40%",IF(AND(Y86=$GD$3,Z86=$GE$3),"30%",IF(AND(Y86=$GD$4,Z86=$GE$2),"35%",IF(AND(Y86=$GD$4,Z86=$GE$3),"25%","")))))) | AF86: =IFERROR(IF(AND(X85="Probabilidad",X86="Probabilidad"),(AF85-(+AF85*AA86)),IF(X86="Probabilidad",(Q85-(+Q85*AA86)),IF(X86="Impacto",AF85,""))),"") | AJ86: =IFERROR(IF(AND(X85="Impacto",AA86="Impacto"),(AJ85-(+AJ85*AA86)),IF(X86="Impacto",(T85-(+T85*AA86)),IF(X86="Probabilidad",AJ85,""))),"")
A87: 14 | B87: Gestión de recursos e infraestructura - subproceso Administrativo | C87: Ejecución_administración_de_procesos | D87: Falta de aplicación de los procedimientos | E87: =IFERROR(VLOOKUP(C87,Tabla4[#All],2,0),"") -> Eventos relacionados con la ejecución de los procesos y procedimientos determinados para la operación de la entidad, uso de sistemas de información, por errores en las actividades que deben realizar los servidores de la organización. Estructura organizacional que afecta la capacidad organizacional | F87: Fiscal | G87: Ejecución y Administración de Procesos | H87: Reputacional y económico | I87: detrimento patrimonial lo que llevaría a sanciones fiscales por deterioro del inventario físico | J87: no realización de mantenimientos preventivos y correctivos establecidos en el plan de mantenimiento de la entidad. | K87: Posibilidad de afectación reputacional y económico a causa del detrimento patrimonial lo que llevaría a sanciones fiscales por deterioro del inventario físico debido la no realización de mantenimientos preventivos y correctivos establecidos en el plan de mantenimiento de la entidad. | L87: Plan de Mantenimiento Preventivo Anual | M87: Ejecución y Administración de Procesos | N87: No aplica | O87: 2 | P87: =IF(AND(O87<=2),"Muy Baja",IF(AND(O87>=3,O87<=23),"Baja",IF(AND(O87>=24,O87<=499),"Media",IF(AND(O87>=500,O87<=4999),"Alta",IF(AND(O87>=5000),"Muy Alta",FALSE))))) -> Muy Baja | Q87: =IF(AND(O87<=2),"20%",IF(AND(O87>=3,O87<=23),"40%",IF(AND(O87>=24,O87<=499),"60%",IF(AND(O87>=500,O87<=4999),"80%",IF(AND(O87>=5000),"100%",FALSE))))) -> 20% | R87: Entre 50 y 100 SMLMV | S87: =IF(AND(R87=$GB$4),"Leve",IF(AND(R87=$GB$5),"Menor",IF(AND(R87=$GB$6),"Moderado",IF(AND(R87=$GB$7),"mayor",IF(AND(R87=$GB$8),"Catastrófico",IF(AND(R87=$GB$10),"Leve",IF(AND(R87=$GB$11),"Menor",IF(AND(R87=$GB$12),"Moderado",IF(AND(R87=$GB$13),"Mayor",IF(AND(R87=$GB$14),"Catastrófico",FALSE)))))))))) -> Moderado | T87: =IF(AND(S87="Leve"),"20%",IF(AND(S87="Menor"),"40%",IF(AND(S87="Moderado"),"60%",IF(AND(S87="Mayor"),"80%",IF(AND(S87="Catastrófico"),"100%",""))))) -> 60% | U87: =IF(AND(Q87<="40%",T87="20%"),"Bajo",IF(AND(Q87="60%",T87="20%"),"Moderado",IF(AND(Q87="80%",T87="20%"),"Moderado",IF(AND(Q87="100%",T87="20%"),"Alto",IF(AND(Q87="20%",T87="40%"),"Bajo",IF(AND(Q87="40%",T87="40%"),"Moderado",IF(AND(Q87="60%",T87="40%"),"Moderado",IF(AND(Q87="80%",T87="40%"),"Moderado",IF(AND(Q87="100%",T87="40%"),"Alto",IF(AND(Q87="20%",T87="60%"),"Moderado",IF(AND(Q87="40%",T87="60%"),"Moderado",IF(AND(Q87="60%",T87="60%"),"Moderado",IF(AND(Q87="80%",T87="60%"),"Alto",IF(AND(Q87="100%",T87="60%"),"Alto",IF(AND(Q87="20%",T87="80%"),"Alto",IF(AND(Q87="40%",T87="80%"),"Alto",IF(AND(Q87="60%",T87="80%"),"Alto",IF(AND(Q87="80%",T87="80%"),"Alto",IF(AND(Q87="100%",T87="80%"),"Alto",IF(AND(Q87="20%",T87="100%"),"Extremo",IF(AND(Q87="40%",T87="100%"),"Extremo",IF(AND(Q87="60%",T87="100%"),"Extremo",IF(AND(Q87="80%",T87="100%"),"Moderado",IF(AND(Q87="100%",T87="100%"),"Extremo","""")))))))))))))))))))))))) -> Moderado | V87: 1 | W87: La subdireccion administrativa y financiera identifica las necesidades y verifica semestralmente el cumplimiento del cronograma definido a través del plan de mantenimiento, dejando como evidencia el seguimiento semestral | X87: Probabilidad | Y87: Preventivo | Z87: Manual | AA87: =IF(AND(Y87=$GD$2,Z87=$GE$2),"50%",IF(AND(Y87=$GD$2,Z87=$GE$3),"40%",IF(AND(Y87=$GD$3,Z87=$GE$2),"40%",IF(AND(Y87=$GD$3,Z87=$GE$3),"30%",IF(AND(Y87=$GD$4,Z87=$GE$2),"35%",IF(AND(Y87=$GD$4,Z87=$GE$3),"25%","")))))) -> 40% | AB87: Procedimientos | AC87: Semestral | AD87: Con registro electrónico | AE87: Interna | AF87: =IFERROR(IF(X87="Probabilidad",(Q87-(+Q87*AA87)),IF(X87="Impacto",Q87,"")),"") -> 0.12 | AG87: =LOOKUP(2,1/(AF87:AF92<>""),AF87:AF92) -> 0.072 | AI87: =IF(AND(AG87<=20%),"Muy Baja",IF(AND(AG87>=21%,AG87<=40%),"Baja",IF(AND(AG87>=41%,AG87<=60%),"Media",IF(AND(AG87>=61%,AG87<=80%),"Alta",IF(AND(AG87>=81%,AG87>=100%),"Muy Alta",FALSE))))) -> Muy Baja | AJ87: =IFERROR(IF(X87="Impacto",(T87-(+T87*AA87)),IF(X87="Probabilidad",T87,"")),"") -> 60% | AK87: =LOOKUP(2,1/(AJ87:AJ92<>""),AJ87:AJ92) -> 60% | AM87: =IF(AND(AK87<=20%),"Leve",IF(AND(AK87>=21%,AK87<=40%),"Menor",IF(AND(AK87>=41%,AK87<="60%"),"Moderado",IF(AND(AK87>=61%,AK87<=80%),"Mayor",IF(AND(AK87>=81%,AK87>=100%),"Catastrófico",FALSE))))) -> Moderado | AN87: =IF(OR(AND(AI87="Media",AM87="Leve"),AND(AI87="Alta",AM87="Leve"),AND(AI87="Alta",AM87="Menor"),AND(AI87="Media",AM87="Menor"),AND(AI87="Baja",AM87="Menor"),AND(AI87="Media",AM87="Moderado"),AND(AI87="Baja",AM87="Moderado"),AND(AI87="Muy Baja",AM87="Moderado")),"Moderado",IF(OR(AND(AI87="Baja",AM87="Leve"),AND(AI87="Muy Baja",AM87="Leve"),AND(AI87="Muy Baja",AM87="Menor")),"Bajo",IF(OR(AND(AI87="Muy Alta",AM87="Leve"),AND(AI87="Muy Alta",AM87="Menor"),AND(AI87="Muy Alta",AM87="Moderado"),AND(AI87="Alta",AM87="Moderado"),AND(AI87="Muy Alta",AM87="Mayor"),AND(AI87="Alta",AM87="Mayor"),AND(AI87="Media",AM87="Mayor"),AND(AI87="Baja",AM87="Mayor"),AND(AI87="Muy Baja",AM87="Mayor")),"Alto",IF(OR(AND(AI87="Alta",AM87="Catastrófico"),AND(AI87="Muy Alta",AM87="Catastrófico"),AND(AI87="Media",AM87="Catastrófico"),AND(AI87="Baja",AM87="Catastrófico"),AND(AI87="Muy Baja",AM87="Catastrófico")),"Extremo",IF(AM87="Catastrófico","Extremo"))))) -> Moderado | AO87: Reducir (Mitigar) | AV87: Programa de mantenimiento ejecutado Mantenimientos realizados/mantenimientos programados | AW87: Según el seguimiento
V88: 1 | W88: El Subdirector Administrativo y financiero deberá justificar la necesidad de contratar lo suscrito en el plan de mantenimiento anual de la entidad, de acuerdo a cada tipo de mantenimiento o servicio requerido. | X88: Probabilidad | Y88: Preventivo | Z88: Manual | AA88: =IF(AND(Y88=$GD$2,Z88=$GE$2),"50%",IF(AND(Y88=$GD$2,Z88=$GE$3),"40%",IF(AND(Y88=$GD$3,Z88=$GE$2),"40%",IF(AND(Y88=$GD$3,Z88=$GE$3),"30%",IF(AND(Y88=$GD$4,Z88=$GE$2),"35%",IF(AND(Y88=$GD$4,Z88=$GE$3),"25%","")))))) -> 40% | AB88: Procedimientos | AC88: Anual | AD88: Combinado (manual y electrónico) | AE88: Interna | AF88: =IFERROR(IF(AND(X87="Probabilidad",X88="Probabilidad"),(AF87-(+AF87*AA88)),IF(X88="Probabilidad",(Q87-(+Q87*AA88)),IF(X88="Impacto",AF87,""))),"") -> 0.072 | AJ88: =IFERROR(IF(AND(X87="Impacto",AA88="Impacto"),(AJ87-(+AJ87*AA88)),IF(X88="Impacto",(T87-(+T87*AA88)),IF(X88="Probabilidad",AJ87,""))),"") -> 60%
AA89: =IF(AND(Y89=$GD$2,Z89=$GE$2),"50%",IF(AND(Y89=$GD$2,Z89=$GE$3),"40%",IF(AND(Y89=$GD$3,Z89=$GE$2),"40%",IF(AND(Y89=$GD$3,Z89=$GE$3),"30%",IF(AND(Y89=$GD$4,Z89=$GE$2),"35%",IF(AND(Y89=$GD$4,Z89=$GE$3),"25%","")))))) | AF89: =IFERROR(IF(AND(X88="Probabilidad",X89="Probabilidad"),(AF88-(+AF88*AA89)),IF(X89="Probabilidad",(Q88-(+Q88*AA89)),IF(X89="Impacto",AF88,""))),"") | AJ89: =IFERROR(IF(AND(X88="Impacto",AA89="Impacto"),(AJ88-(+AJ88*AA89)),IF(X89="Impacto",(T88-(+T88*AA89)),IF(X89="Probabilidad",AJ88,""))),"")
AA90: =IF(AND(Y90=$GD$2,Z90=$GE$2),"50%",IF(AND(Y90=$GD$2,Z90=$GE$3),"40%",IF(AND(Y90=$GD$3,Z90=$GE$2),"40%",IF(AND(Y90=$GD$3,Z90=$GE$3),"30%",IF(AND(Y90=$GD$4,Z90=$GE$2),"35%",IF(AND(Y90=$GD$4,Z90=$GE$3),"25%","")))))) | AF90: =IFERROR(IF(AND(X89="Probabilidad",X90="Probabilidad"),(AF89-(+AF89*AA90)),IF(X90="Probabilidad",(Q89-(+Q89*AA90)),IF(X90="Impacto",AF89,""))),"") | AJ90: =IFERROR(IF(AND(X89="Impacto",AA90="Impacto"),(AJ89-(+AJ89*AA90)),IF(X90="Impacto",(T89-(+T89*AA90)),IF(X90="Probabilidad",AJ89,""))),"")
AA91: =IF(AND(Y91=$GD$2,Z91=$GE$2),"50%",IF(AND(Y91=$GD$2,Z91=$GE$3),"40%",IF(AND(Y91=$GD$3,Z91=$GE$2),"40%",IF(AND(Y91=$GD$3,Z91=$GE$3),"30%",IF(AND(Y91=$GD$4,Z91=$GE$2),"35%",IF(AND(Y91=$GD$4,Z91=$GE$3),"25%","")))))) | AF91: =IFERROR(IF(AND(X90="Probabilidad",X91="Probabilidad"),(AF90-(+AF90*AA91)),IF(X91="Probabilidad",(Q90-(+Q90*AA91)),IF(X91="Impacto",AF90,""))),"") | AJ91: =IFERROR(IF(AND(X90="Impacto",AA91="Impacto"),(AJ90-(+AJ90*AA91)),IF(X91="Impacto",(T90-(+T90*AA91)),IF(X91="Probabilidad",AJ90,""))),"")
AA92: =IF(AND(Y92=$GD$2,Z92=$GE$2),"50%",IF(AND(Y92=$GD$2,Z92=$GE$3),"40%",IF(AND(Y92=$GD$3,Z92=$GE$2),"40%",IF(AND(Y92=$GD$3,Z92=$GE$3),"30%",IF(AND(Y92=$GD$4,Z92=$GE$2),"35%",IF(AND(Y92=$GD$4,Z92=$GE$3),"25%","")))))) | AF92: =IFERROR(IF(AND(X91="Probabilidad",X92="Probabilidad"),(AF91-(+AF91*AA92)),IF(X92="Probabilidad",(Q91-(+Q91*AA92)),IF(X92="Impacto",AF91,""))),"") | AJ92: =IFERROR(IF(AND(X91="Impacto",AA92="Impacto"),(AJ91-(+AJ91*AA92)),IF(X92="Impacto",(T91-(+T91*AA92)),IF(X92="Probabilidad",AJ91,""))),"")
A93: 15 | B93: Gestión de recursos e infraestructura - subproceso Administrativo | C93: Ejecución_administración_de_procesos | D93: Ejecución_administración_de_procesos | E93: =IFERROR(VLOOKUP(C93,Tabla4[#All],2,0),"") -> Eventos relacionados con la ejecución de los procesos y procedimientos determinados para la operación de la entidad, uso de sistemas de información, por errores en las actividades que deben realizar los servidores de la organización. Estructura organizacional que afecta la capacidad organizacional | F93: Gestión | G93: Daños a activos fijos | H93: Económico | I93: disminución o pérdida, total o parcial del patrimonio y bienes de la entidad | J93: eventuales siniestralidades | K93: Posibilidad de afectación económica por disminución o pérdida, total o parcial del patrimonio y bienes de la entidad debido a eventuales siniestralidades | L93: POLIZAS DE SEGURO | M93: Daños a activos fijos | N93: No aplica | O93: 12 | P93: =IF(AND(O93<=2),"Muy Baja",IF(AND(O93>=3,O93<=23),"Baja",IF(AND(O93>=24,O93<=499),"Media",IF(AND(O93>=500,O93<=4999),"Alta",IF(AND(O93>=5000),"Muy Alta",FALSE))))) -> Baja | Q93: =IF(AND(O93<=2),"20%",IF(AND(O93>=3,O93<=23),"40%",IF(AND(O93>=24,O93<=499),"60%",IF(AND(O93>=500,O93<=4999),"80%",IF(AND(O93>=5000),"100%",FALSE))))) -> 40% | R93: Mayor a 500 SMLMV | S93: =IF(AND(R93=$GB$4),"Leve",IF(AND(R93=$GB$5),"Menor",IF(AND(R93=$GB$6),"Moderado",IF(AND(R93=$GB$7),"mayor",IF(AND(R93=$GB$8),"Catastrófico",IF(AND(R93=$GB$10),"Leve",IF(AND(R93=$GB$11),"Menor",IF(AND(R93=$GB$12),"Moderado",IF(AND(R93=$GB$13),"Mayor",IF(AND(R93=$GB$14),"Catastrófico",FALSE)))))))))) -> Catastrófico | T93: =IF(AND(S93="Leve"),"20%",IF(AND(S93="Menor"),"40%",IF(AND(S93="Moderado"),"60%",IF(AND(S93="Mayor"),"80%",IF(AND(S93="Catastrófico"),"100%",""))))) -> 100% | U93: =IF(AND(Q93<="40%",T93="20%"),"Bajo",IF(AND(Q93="60%",T93="20%"),"Moderado",IF(AND(Q93="80%",T93="20%"),"Moderado",IF(AND(Q93="100%",T93="20%"),"Alto",IF(AND(Q93="20%",T93="40%"),"Bajo",IF(AND(Q93="40%",T93="40%"),"Moderado",IF(AND(Q93="60%",T93="40%"),"Moderado",IF(AND(Q93="80%",T93="40%"),"Moderado",IF(AND(Q93="100%",T93="40%"),"Alto",IF(AND(Q93="20%",T93="60%"),"Moderado",IF(AND(Q93="40%",T93="60%"),"Moderado",IF(AND(Q93="60%",T93="60%"),"Moderado",IF(AND(Q93="80%",T93="60%"),"Alto",IF(AND(Q93="100%",T93="60%"),"Alto",IF(AND(Q93="20%",T93="80%"),"Alto",IF(AND(Q93="40%",T93="80%"),"Alto",IF(AND(Q93="60%",T93="80%"),"Alto",IF(AND(Q93="80%",T93="80%"),"Alto",IF(AND(Q93="100%",T93="80%"),"Alto",IF(AND(Q93="20%",T93="100%"),"Extremo",IF(AND(Q93="40%",T93="100%"),"Extremo",IF(AND(Q93="60%",T93="100%"),"Extremo",IF(AND(Q93="80%",T93="100%"),"Moderado",IF(AND(Q93="100%",T93="100%"),"Extremo","""")))))))))))))))))))))))) -> Extremo | V93: 1 | W93: El Subdirector Administrativo y financiero realiza la toma de las polizas de seguro emitidas por la aseguradora con el fin de resguardar el patrimonio y bienes institucionales ante una eventual siniestralidad | X93: Probabilidad | Y93: Preventivo | Z93: Manual | AA93: =IF(AND(Y93=$GD$2,Z93=$GE$2),"50%",IF(AND(Y93=$GD$2,Z93=$GE$3),"40%",IF(AND(Y93=$GD$3,Z93=$GE$2),"40%",IF(AND(Y93=$GD$3,Z93=$GE$3),"30%",IF(AND(Y93=$GD$4,Z93=$GE$2),"35%",IF(AND(Y93=$GD$4,Z93=$GE$3),"25%","")))))) -> 40% | AB93: Combinación análisis documental y sistemas de información de apoyo | AC93: Anual | AD93: Combinado (manual y electrónico) | AE93: Interna | AF93: =IFERROR(IF(X93="Probabilidad",(Q93-(+Q93*AA93)),IF(X93="Impacto",Q93,"")),"") -> 0.24 | AG93: =LOOKUP(2,1/(AF93:AF98<>""),AF93:AF98) -> 0.144 | AI93: =IF(AND(AG93<=20%),"Muy Baja",IF(AND(AG93>=21%,AG93<=40%),"Baja",IF(AND(AG93>=41%,AG93<=60%),"Media",IF(AND(AG93>=61%,AG93<=80%),"Alta",IF(AND(AG93>=81%,AG93>=100%),"Muy Alta",FALSE))))) -> Muy Baja | AJ93: =IFERROR(IF(X93="Impacto",(T93-(+T93*AA93)),IF(X93="Probabilidad",T93,"")),"") -> 100% | AK93: =LOOKUP(2,1/(AJ93:AJ98<>""),AJ93:AJ98) -> 100% | AM93: =IF(AND(AK93<=20%),"Leve",IF(AND(AK93>=21%,AK93<=40%),"Menor",IF(AND(AK93>=41%,AK93<=60%),"Moderado",IF(AND(AK93>=61%,AK93<=80%),"Mayor",IF(AND(AK93>=81%,AK93>=100%),"Catastrófico",FALSE))))) -> Catastrófico | AN93: =IF(OR(AND(AI93="Media",AM93="Leve"),AND(AI93="Alta",AM93="Leve"),AND(AI93="Alta",AM93="Menor"),AND(AI93="Media",AM93="Menor"),AND(AI93="Baja",AM93="Menor"),AND(AI93="Media",AM93="Moderado"),AND(AI93="Baja",AM93="Moderado"),AND(AI93="Muy Baja",AM93="Moderado")),"Moderado",IF(OR(AND(AI93="Baja",AM93="Leve"),AND(AI93="Muy Baja",AM93="Leve"),AND(AI93="Muy Baja",AM93="Menor")),"Bajo",IF(OR(AND(AI93="Muy Alta",AM93="Leve"),AND(AI93="Muy Alta",AM93="Menor"),AND(AI93="Muy Alta",AM93="Moderado"),AND(AI93="Alta",AM93="Moderado"),AND(AI93="Muy Alta",AM93="Mayor"),AND(AI93="Alta",AM93="Mayor"),AND(AI93="Media",AM93="Mayor"),AND(AI93="Baja",AM93="Mayor"),AND(AI93="Muy Baja",AM93="Mayor")),"Alto",IF(OR(AND(AI93="Alta",AM93="Catastrófico"),AND(AI93="Muy Alta",AM93="Catastrófico"),AND(AI93="Media",AM93="Catastrófico"),AND(AI93="Baja",AM93="Catastrófico"),AND(AI93="Muy Baja",AM93="Catastrófico")),"Extremo",IF(AM93="Catastrófico","Extremo"))))) -> Extremo | AO93: Reducir (Mitigar) | AV93: Bienes asegurados/inventario de propiedad, planta y equipos | AW93: Según el seguimiento
V94: 2 | W94: El Subdirector Administrativo y financiero verifica el cumplimiento del plan de gestión del riesgo de desastres el cual contiene las medidas preventivas para la mitigación de riesgos asociados a la pérdida parcial o total de los bienes y patrimonio de la entidad como evacuaciones e incendios. | X94: Probabilidad | Y94: Preventivo | Z94: Manual | AA94: =IF(AND(Y94=$GD$2,Z94=$GE$2),"50%",IF(AND(Y94=$GD$2,Z94=$GE$3),"40%",IF(AND(Y94=$GD$3,Z94=$GE$2),"40%",IF(AND(Y94=$GD$3,Z94=$GE$3),"30%",IF(AND(Y94=$GD$4,Z94=$GE$2),"35%",IF(AND(Y94=$GD$4,Z94=$GE$3),"25%","")))))) -> 40% | AB94: Procedimientos | AC94: Anual | AD94: Combinado (manual y electrónico) | AE94: Interna | AF94: =IFERROR(IF(AND(X93="Probabilidad",X94="Probabilidad"),(AF93-(+AF93*AA94)),IF(X94="Probabilidad",(Q93-(+Q93*AA94)),IF(X94="Impacto",AF93,""))),"") -> 0.144 | AJ94: =IFERROR(IF(AND(X93="Impacto",AA94="Impacto"),(AJ93-(+AJ93*AA94)),IF(X94="Impacto",(T93-(+T93*AA94)),IF(X94="Probabilidad",AJ93,""))),"") -> 100%
AA95: =IF(AND(Y95=$GD$2,Z95=$GE$2),"50%",IF(AND(Y95=$GD$2,Z95=$GE$3),"40%",IF(AND(Y95=$GD$3,Z95=$GE$2),"40%",IF(AND(Y95=$GD$3,Z95=$GE$3),"30%",IF(AND(Y95=$GD$4,Z95=$GE$2),"35%",IF(AND(Y95=$GD$4,Z95=$GE$3),"25%","")))))) | AF95: =IFERROR(IF(AND(X94="Probabilidad",X95="Probabilidad"),(AF94-(+AF94*AA95)),IF(X95="Probabilidad",(Q94-(+Q94*AA95)),IF(X95="Impacto",AF94,""))),"") | AJ95: =IFERROR(IF(AND(X94="Impacto",AA95="Impacto"),(AJ94-(+AJ94*AA95)),IF(X95="Impacto",(T94-(+T94*AA95)),IF(X95="Probabilidad",AJ94,""))),"")
AA96: =IF(AND(Y96=$GD$2,Z96=$GE$2),"50%",IF(AND(Y96=$GD$2,Z96=$GE$3),"40%",IF(AND(Y96=$GD$3,Z96=$GE$2),"40%",IF(AND(Y96=$GD$3,Z96=$GE$3),"30%",IF(AND(Y96=$GD$4,Z96=$GE$2),"35%",IF(AND(Y96=$GD$4,Z96=$GE$3),"25%","")))))) | AF96: =IFERROR(IF(AND(X95="Probabilidad",X96="Probabilidad"),(AF95-(+AF95*AA96)),IF(X96="Probabilidad",(Q95-(+Q95*AA96)),IF(X96="Impacto",AF95,""))),"") | AJ96: =IFERROR(IF(AND(X95="Impacto",AA96="Impacto"),(AJ95-(+AJ95*AA96)),IF(X96="Impacto",(T95-(+T95*AA96)),IF(X96="Probabilidad",AJ95,""))),"")
AA97: =IF(AND(Y97=$GD$2,Z97=$GE$2),"50%",IF(AND(Y97=$GD$2,Z97=$GE$3),"40%",IF(AND(Y97=$GD$3,Z97=$GE$2),"40%",IF(AND(Y97=$GD$3,Z97=$GE$3),"30%",IF(AND(Y97=$GD$4,Z97=$GE$2),"35%",IF(AND(Y97=$GD$4,Z97=$GE$3),"25%","")))))) | AF97: =IFERROR(IF(AND(X96="Probabilidad",X97="Probabilidad"),(AF96-(+AF96*AA97)),IF(X97="Probabilidad",(Q96-(+Q96*AA97)),IF(X97="Impacto",AF96,""))),"") | AJ97: =IFERROR(IF(AND(X96="Impacto",AA97="Impacto"),(AJ96-(+AJ96*AA97)),IF(X97="Impacto",(T96-(+T96*AA97)),IF(X97="Probabilidad",AJ96,""))),"")
AA98: =IF(AND(Y98=$GD$2,Z98=$GE$2),"50%",IF(AND(Y98=$GD$2,Z98=$GE$3),"40%",IF(AND(Y98=$GD$3,Z98=$GE$2),"40%",IF(AND(Y98=$GD$3,Z98=$GE$3),"30%",IF(AND(Y98=$GD$4,Z98=$GE$2),"35%",IF(AND(Y98=$GD$4,Z98=$GE$3),"25%","")))))) | AF98: =IFERROR(IF(AND(X97="Probabilidad",X98="Probabilidad"),(AF97-(+AF97*AA98)),IF(X98="Probabilidad",(Q97-(+Q97*AA98)),IF(X98="Impacto",AF97,""))),"") | AJ98: =IFERROR(IF(AND(X97="Impacto",AA98="Impacto"),(AJ97-(+AJ97*AA98)),IF(X98="Impacto",(T97-(+T97*AA98)),IF(X98="Probabilidad",AJ97,""))),"")
A99: 16 | B99: Gestión de recursos e infraestructura - subproceso Administrativo | C99: Ejecución_administración_de_procesos | D99: Falta de aplicación de los procedimientos | E99: =IFERROR(VLOOKUP(C99,Tabla4[#All],2,0),"") -> Eventos relacionados con la ejecución de los procesos y procedimientos determinados para la operación de la entidad, uso de sistemas de información, por errores en las actividades que deben realizar los servidores de la organización. Estructura organizacional que afecta la capacidad organizacional | F99: Fiscal | G99: Ejecución y Administración de Procesos | H99: Económico | I99: sanciones disciplinarias, fiscales y penales por entes de control | J99: uso indebido de los recursos asignados en el fondo de caja menor | K99: Posibilidad de afectación económica por sanciones disciplinarias, fiscales y penales por entes de control por el uso indebido de los recursos asignados en el fondo de caja menor | L99: MANUAL PARA EL MANEJO Y CONTROL DE LA CAJA MENOR SIG-MA06 | M99: Ejecución y Administración de Procesos | N99: No aplica | O99: 12 | P99: =IF(AND(O99<=2),"Muy Baja",IF(AND(O99>=3,O99<=23),"Baja",IF(AND(O99>=24,O99<=499),"Media",IF(AND(O99>=500,O99<=4999),"Alta",IF(AND(O99>=5000),"Muy Alta",FALSE))))) -> Baja | Q99: =IF(AND(O99<=2),"20%",IF(AND(O99>=3,O99<=23),"40%",IF(AND(O99>=24,O99<=499),"60%",IF(AND(O99>=500,O99<=4999),"80%",IF(AND(O99>=5000),"100%",FALSE))))) -> 40% | R99: Entre 100 y 500 SMLMV | S99: =IF(AND(R99=$GB$4),"Leve",IF(AND(R99=$GB$5),"Menor",IF(AND(R99=$GB$6),"Moderado",IF(AND(R99=$GB$7),"mayor",IF(AND(R99=$GB$8),"Catastrófico",IF(AND(R99=$GB$10),"Leve",IF(AND(R99=$GB$11),"Menor",IF(AND(R99=$GB$12),"Moderado",IF(AND(R99=$GB$13),"Mayor",IF(AND(R99=$GB$14),"Catastrófico",FALSE)))))))))) -> mayor | T99: =IF(AND(S99="Leve"),"20%",IF(AND(S99="Menor"),"40%",IF(AND(S99="Moderado"),"60%",IF(AND(S99="Mayor"),"80%",IF(AND(S99="Catastrófico"),"100%",""))))) -> 80% | U99: =IF(AND(Q99<="40%",T99="20%"),"Bajo",IF(AND(Q99="60%",T99="20%"),"Moderado",IF(AND(Q99="80%",T99="20%"),"Moderado",IF(AND(Q99="100%",T99="20%"),"Alto",IF(AND(Q99="20%",T99="40%"),"Bajo",IF(AND(Q99="40%",T99="40%"),"Moderado",IF(AND(Q99="60%",T99="40%"),"Moderado",IF(AND(Q99="80%",T99="40%"),"Moderado",IF(AND(Q99="100%",T99="40%"),"Alto",IF(AND(Q99="20%",T99="60%"),"Moderado",IF(AND(Q99="40%",T99="60%"),"Moderado",IF(AND(Q99="60%",T99="60%"),"Moderado",IF(AND(Q99="80%",T99="60%"),"Alto",IF(AND(Q99="100%",T99="60%"),"Alto",IF(AND(Q99="20%",T99="80%"),"Alto",IF(AND(Q99="40%",T99="80%"),"Alto",IF(AND(Q99="60%",T99="80%"),"Alto",IF(AND(Q99="80%",T99="80%"),"Alto",IF(AND(Q99="100%",T99="80%"),"Alto",IF(AND(Q99="20%",T99="100%"),"Extremo",IF(AND(Q99="40%",T99="100%"),"Extremo",IF(AND(Q99="60%",T99="100%"),"Extremo",IF(AND(Q99="80%",T99="100%"),"Moderado",IF(AND(Q99="100%",T99="100%"),"Extremo","""")))))))))))))))))))))))) -> Alto | V99: 1 | W99: La subdireccion administrativa y finaciera adquiere dentro de las pólizas de seguro, la póliza de manejo con la cual se amparan los funcionarios responsables de la caja menor dejando como evidencia la póliza tomada. | X99: Probabilidad | Y99: Preventivo | Z99: Manual | AA99: =IF(AND(Y99=$GD$2,Z99=$GE$2),"50%",IF(AND(Y99=$GD$2,Z99=$GE$3),"40%",IF(AND(Y99=$GD$3,Z99=$GE$2),"40%",IF(AND(Y99=$GD$3,Z99=$GE$3),"30%",IF(AND(Y99=$GD$4,Z99=$GE$2),"35%",IF(AND(Y99=$GD$4,Z99=$GE$3),"25%","")))))) -> 40% | AB99: Procedimientos | AC99: Anual | AD99: Combinado (manual y electrónico) | AE99: Interna | AF99: =IFERROR(IF(X99="Probabilidad",(Q99-(+Q99*AA99)),IF(X99="Impacto",Q99,"")),"") -> 0.24 | AG99: =LOOKUP(2,1/(AF99:AF104<>""),AF99:AF104) -> 0.144 | AI99: =IF(AND(AG99<=20%),"Muy Baja",IF(AND(AG99>=21%,AG99<=40%),"Baja",IF(AND(AG99>=41%,AG99<=60%),"Media",IF(AND(AG99>=61%,AG99<=80%),"Alta",IF(AND(AG99>=81%,AG99>=100%),"Muy Alta",FALSE))))) -> Muy Baja | AJ99: =IFERROR(IF(X99="Impacto",(T99-(+T99*AA99)),IF(X99="Probabilidad",T99,"")),"") -> 80% | AK99: =LOOKUP(2,1/(AJ99:AJ104<>""),AJ99:AJ104) -> 80% | AM99: =IF(AND(AK99<=20%),"Leve",IF(AND(AK99>=21%,AK99<=40%),"Menor",IF(AND(AK99>=41%,AK99<=60%),"Moderado",IF(AND(AK99>=61%,AK99<=80%),"Mayor",IF(AND(AK99>=81%,AK99>=100%),"Catastrófico",FALSE))))) -> Catastrófico | AN99: =IF(OR(AND(AI99="Media",AM99="Leve"),AND(AI99="Alta",AM99="Leve"),AND(AI99="Alta",AM99="Menor"),AND(AI99="Media",AM99="Menor"),AND(AI99="Baja",AM99="Menor"),AND(AI99="Media",AM99="Moderado"),AND(AI99="Baja",AM99="Moderado"),AND(AI99="Muy Baja",AM99="Moderado")),"Moderado",IF(OR(AND(AI99="Baja",AM99="Leve"),AND(AI99="Muy Baja",AM99="Leve"),AND(AI99="Muy Baja",AM99="Menor")),"Bajo",IF(OR(AND(AI99="Muy Alta",AM99="Leve"),AND(AI99="Muy Alta",AM99="Menor"),AND(AI99="Muy Alta",AM99="Moderado"),AND(AI99="Alta",AM99="Moderado"),AND(AI99="Muy Alta",AM99="Mayor"),AND(AI99="Alta",AM99="Mayor"),AND(AI99="Media",AM99="Mayor"),AND(AI99="Baja",AM99="Mayor"),AND(AI99="Muy Baja",AM99="Mayor")),"Alto",IF(OR(AND(AI99="Alta",AM99="Catastrófico"),AND(AI99="Muy Alta",AM99="Catastrófico"),AND(AI99="Media",AM99="Catastrófico"),AND(AI99="Baja",AM99="Catastrófico"),AND(AI99="Muy Baja",AM99="Catastrófico")),"Extremo",IF(AM99="Catastrófico","Extremo"))))) -> Extremo | AO99: Aceptar | AV99: Ejecución de caja menor N° de legalizaciones/N° de desembolsos | AW99: Según el seguimiento
V100: 2 | W100: El profesional universitario de presupuesto revisa mensualmente los soportes de legalización de la caja menor dejando como evidencia formato de legalización de caja menor. Para solicitar dicho reembolso se debe diligenciar el formato GFI-F39 'solicitud de reembolso de gastos de caja menor", el cual debe diligenciar el encargado de la caja menor y aprobado por el profesional universitario del area de presupuesto. | X100: Probabilidad | Y100: Preventivo | Z100: Manual | AA100: =IF(AND(Y100=$GD$2,Z100=$GE$2),"50%",IF(AND(Y100=$GD$2,Z100=$GE$3),"40%",IF(AND(Y100=$GD$3,Z100=$GE$2),"40%",IF(AND(Y100=$GD$3,Z100=$GE$3),"30%",IF(AND(Y100=$GD$4,Z100=$GE$2),"35%",IF(AND(Y100=$GD$4,Z100=$GE$3),"25%","")))))) -> 40% | AB100: Procedimientos | AC100: Mensual | AD100: Combinado (manual y electrónico) | AE100: Interna | AF100: =IFERROR(IF(AND(X99="Probabilidad",X100="Probabilidad"),(AF99-(+AF99*AA100)),IF(X100="Probabilidad",(Q99-(+Q99*AA100)),IF(X100="Impacto",AF99,""))),"") -> 0.144 | AJ100: =IFERROR(IF(AND(X99="Impacto",AA100="Impacto"),(AJ99-(+AJ99*AA100)),IF(X100="Impacto",(T99-(+T99*AA100)),IF(X100="Probabilidad",AJ99,""))),"") -> 80%
AA101: =IF(AND(Y101=$GD$2,Z101=$GE$2),"50%",IF(AND(Y101=$GD$2,Z101=$GE$3),"40%",IF(AND(Y101=$GD$3,Z101=$GE$2),"40%",IF(AND(Y101=$GD$3,Z101=$GE$3),"30%",IF(AND(Y101=$GD$4,Z101=$GE$2),"35%",IF(AND(Y101=$GD$4,Z101=$GE$3),"25%","")))))) | AF101: =IFERROR(IF(AND(X100="Probabilidad",X101="Probabilidad"),(AF100-(+AF100*AA101)),IF(X101="Probabilidad",(Q100-(+Q100*AA101)),IF(X101="Impacto",AF100,""))),"") | AJ101: =IFERROR(IF(AND(X100="Impacto",AA101="Impacto"),(AJ100-(+AJ100*AA101)),IF(X101="Impacto",(T100-(+T100*AA101)),IF(X101="Probabilidad",AJ100,""))),"")
AA102: =IF(AND(Y102=$GD$2,Z102=$GE$2),"50%",IF(AND(Y102=$GD$2,Z102=$GE$3),"40%",IF(AND(Y102=$GD$3,Z102=$GE$2),"40%",IF(AND(Y102=$GD$3,Z102=$GE$3),"30%",IF(AND(Y102=$GD$4,Z102=$GE$2),"35%",IF(AND(Y102=$GD$4,Z102=$GE$3),"25%","")))))) | AF102: =IFERROR(IF(AND(X101="Probabilidad",X102="Probabilidad"),(AF101-(+AF101*AA102)),IF(X102="Probabilidad",(Q101-(+Q101*AA102)),IF(X102="Impacto",AF101,""))),"") | AJ102: =IFERROR(IF(AND(X101="Impacto",AA102="Impacto"),(AJ101-(+AJ101*AA102)),IF(X102="Impacto",(T101-(+T101*AA102)),IF(X102="Probabilidad",AJ101,""))),"")
AA103: =IF(AND(Y103=$GD$2,Z103=$GE$2),"50%",IF(AND(Y103=$GD$2,Z103=$GE$3),"40%",IF(AND(Y103=$GD$3,Z103=$GE$2),"40%",IF(AND(Y103=$GD$3,Z103=$GE$3),"30%",IF(AND(Y103=$GD$4,Z103=$GE$2),"35%",IF(AND(Y103=$GD$4,Z103=$GE$3),"25%","")))))) | AF103: =IFERROR(IF(AND(X102="Probabilidad",X103="Probabilidad"),(AF102-(+AF102*AA103)),IF(X103="Probabilidad",(Q102-(+Q102*AA103)),IF(X103="Impacto",AF102,""))),"") | AJ103: =IFERROR(IF(AND(X102="Impacto",AA103="Impacto"),(AJ102-(+AJ102*AA103)),IF(X103="Impacto",(T102-(+T102*AA103)),IF(X103="Probabilidad",AJ102,""))),"")
AA104: =IF(AND(Y104=$GD$2,Z104=$GE$2),"50%",IF(AND(Y104=$GD$2,Z104=$GE$3),"40%",IF(AND(Y104=$GD$3,Z104=$GE$2),"40%",IF(AND(Y104=$GD$3,Z104=$GE$3),"30%",IF(AND(Y104=$GD$4,Z104=$GE$2),"35%",IF(AND(Y104=$GD$4,Z104=$GE$3),"25%","")))))) | AF104: =IFERROR(IF(AND(X103="Probabilidad",X104="Probabilidad"),(AF103-(+AF103*AA104)),IF(X104="Probabilidad",(Q103-(+Q103*AA104)),IF(X104="Impacto",AF103,""))),"") | AJ104: =IFERROR(IF(AND(X103="Impacto",AA104="Impacto"),(AJ103-(+AJ103*AA104)),IF(X104="Impacto",(T103-(+T103*AA104)),IF(X104="Probabilidad",AJ103,""))),"")
A105: 17 | B105: Gestión de recursos e infraestructura - subproceso Administrativo | C105: Ejecución_administración_de_procesos | D105: Falta de aplicación de los procedimientos | E105: =IFERROR(VLOOKUP(C105,Tabla4[#All],2,0),"") -> Eventos relacionados con la ejecución de los procesos y procedimientos determinados para la operación de la entidad, uso de sistemas de información, por errores en las actividades que deben realizar los servidores de la organización. Estructura organizacional que afecta la capacidad organizacional | F105: Fiscal | G105: Daños a activos fijos | H105: Económico | I105: requerimientos de entes de control e investigaciones disciplinarias ,fiscales y penales | J105: érdida bienes por falta de control de inventarios | K105: Posibilidad de efectos dañosos sobre los bienes públicos debido a la pérdida bienes por falta de control de inventarios | L105: PROCEDIMIENTO DE INVENTARIO FISICO | M105: Daños a activos fijos | N105: No aplica | O105: 1 | P105: =IF(AND(O105<=2),"Muy Baja",IF(AND(O105>=3,O105<=23),"Baja",IF(AND(O105>=24,O105<=499),"Media",IF(AND(O105>=500,O105<=4999),"Alta",IF(AND(O105>=5000),"Muy Alta",FALSE))))) -> Muy Baja | Q105: =IF(AND(O105<=2),"20%",IF(AND(O105>=3,O105<=23),"40%",IF(AND(O105>=24,O105<=499),"60%",IF(AND(O105>=500,O105<=4999),"80%",IF(AND(O105>=5000),"100%",FALSE))))) -> 20% | R105: Entre 50 y 100 SMLMV | S105: =IF(AND(R105=$GB$4),"Leve",IF(AND(R105=$GB$5),"Menor",IF(AND(R105=$GB$6),"Moderado",IF(AND(R105=$GB$7),"mayor",IF(AND(R105=$GB$8),"Catastrófico",IF(AND(R105=$GB$10),"Leve",IF(AND(R105=$GB$11),"Menor",IF(AND(R105=$GB$12),"Moderado",IF(AND(R105=$GB$13),"Mayor",IF(AND(R105=$GB$14),"Catastrófico",FALSE)))))))))) -> Moderado | T105: =IF(AND(S105="Leve"),"20%",IF(AND(S105="Menor"),"40%",IF(AND(S105="Moderado"),"60%",IF(AND(S105="Mayor"),"80%",IF(AND(S105="Catastrófico"),"100%",""))))) -> 60% | U105: Moderado | V105: 1 | W105: El auxiliar administrativo realiza inventario fisico con el fin de controlar la ubicación y el responsable del activo, una vez se retira el funcionario queda como evidencia el acta de entrega del puesto con la información de los activos entregados. | X105: Probabilidad | Y105: Preventivo | Z105: Manual | AA105: =IF(AND(Y105=$GD$2,Z105=$GE$2),"50%",IF(AND(Y105=$GD$2,Z105=$GE$3),"40%",IF(AND(Y105=$GD$3,Z105=$GE$2),"40%",IF(AND(Y105=$GD$3,Z105=$GE$3),"30%",IF(AND(Y105=$GD$4,Z105=$GE$2),"35%",IF(AND(Y105=$GD$4,Z105=$GE$3),"25%","")))))) -> 40% | AB105: Procedimientos | AC105: Anual | AD105: Combinado (manual y electrónico) | AE105: Interna | AF105: =IFERROR(IF(X105="Probabilidad",(Q105-(+Q105*AA105)),IF(X105="Impacto",Q105,"")),"") -> 0.12 | AG105: =LOOKUP(2,1/(AF105:AF116<>""),AF105:AF116) -> 0.12 | AH105: =AG105*1 -> 0.12 | AI105: =IF(AND(AH105<=20%),"Muy Baja",IF(AND(AH105>=21%,AH105<=40%),"Baja",IF(AND(AH105>=41%,AH105<=60%),"Media",IF(AND(AH105>=61%,AH105<=80%),"Alta",IF(AND(AH105>=81%,AH105>=100%),"Muy Alta",FALSE))))) -> Muy Baja | AJ105: =IFERROR(IF(X105="Impacto",(T105-(+T105*AA105)),IF(X105="Probabilidad",T105,"")),"") -> 60% | AK105: =LOOKUP(2,1/(AJ105:AJ116<>""),AJ105:AJ116) -> 60% | AL105: =AK105*1 -> 0.6 | AM105: =CHOOSE((AL105>=0%)+(AL105>=21%)+(AL105>=41%)+(AL105>=61%)+(AL105>=81%),"Leve","Menor","Moderado","Mayor","Catastrófico") -> Moderado | AN105: Moderado | AO105: Reducir (Mitigar) | AW105: Según el seguimiento | GA105: Seguridad digital | GB105: Pérdida Reputacional
...

Sheet Atributos 
A2: Documentación | B2: Frecuencia | C2: Evidencia | D2: Ejecuión | G2: Factor De Riesgo | H2: Descripción Del Tipo De Factor De Riesgo | J2: Tipología
A3: Procedimientos | B3: Siempre que se ejecuta la actividad | C3: Con registro manual | D3: Interna | G3: Ejecución_administración_de_procesos | H3: Eventos relacionados con la ejecución de los procesos y procedimientos determinados para la operación de la entidad, uso de sistemas de información, por errores en las actividades que deben realizar los servidores de la organización. Estructura organizacional que afecta la capacidad organizacional | J3: Gestión
A4: Sistemas de información | B4: Diario | C4: Con registro electrónico | D4: Externa | G4: Transacción_u_Operación_aplica_para_LAFTFP | H4: Eventos relacionados con transacciones y Operaciones realizadas por un cliente o usuario, que accede o entrega un bien o servicio a la entidad, a través de los canales dispuestos y en una jurisdicción específica. | J4: Fiscal
A5: Otros Esquemas | B5: Mensual | C5: Combinado (manual y electrónico) | D5: Mixta | G5: TalentoHumano | H5: Eventos relacionados con las conductas o comportamientos de los empleados que afectan la Integridad Pública | J5: Seg. de la Información
A6: Combinación análisis documental y sistemas de información de apoyo | B6: Bimestral | G6: Tecnología | H6: Eventos relacionados con la infraestructura tecnológica de la entidad. | J6: Integridad Pùblica - Corrupción
B7: Trimestral | G7: Infraestructura | H7: Eventos relacionados con la infraestructura física de la entidad. | J7: Integridad Pùblica - LA/FT/FP
B8: Semestral | G8: EventoExterno | H8: Eventos por situaciones externas que afectan la entidad.
B9: Anual
B10: cuatrimestral
A17: Ejecución_administración_de_procesos | B17: Transacción_u_Operación_aplica_para_LAFTFP | C17: TalentoHumano | D17: Tecnología | E17: Infraestructura | F17: EventoExterno
A18: Falta de aplicación de los procedimientos | B18: Contrapartes de la entidad (naturales o jurídicas) | C18: Fraude interno | D18: Daño de equipos | E18: Derrumbes | F18: Fraude Externo
A19: Falta segregación de funciones | B19: Productos (bienes o servicios) que oferta/requiere | C19: Soborno | D19: Caída de sistemas de información y aplicaciones | E19: Incendios | F19: Suplantación de identidad
A20: Errores de grabación, autorización | B20: Canales utilizados para la operación | C20: Gestión inadecuada de conflicto de Intereses | D20: Caída de redes | E20: Inundaciones | F20: Asalto a la oficina
A21: Errores en cálculos para pagos internos y externos | B21: Jurisdicciones (nacional o territorial) | C21: Corrupción | D21: Errores en hardware o software | E21: Daños a activos fijos | F21: Atentados, vandalismo, orden público
A22: Falta de supervisión o interventoría | D22: Errores en programas
A23: Alta rotación o insuficiencia de personal | D23: falta de controles de seguridad
A24: Acciones contrarias a las leyes o acuerdos de empleo, salud o seguridad en el trabajo
A25: Acciones contrarias a las leyes o acuerdos contractuales
A26: Falta de capacitación y otros temas relacionados con el personal
G27: RIESGOS PARA LA INTERIGAD PUBLICA
G30: Factor De Riesgo | H30: Descripción Del Tipo De Factor De Riesgo | I30: Fuente generadora del evento | J30: Tipología
G31: soborno | H31: Ofrecer, prometer, dar, aceptar o solicitar una ventaja indebida de cualquier valor (que puede ser financiero o no financiero), directa o indirectamente, e independientemente de la ubicación, en violación de la ley aplicable, como incentivo o recompensa para que una persona actúe o se abstenga de actuar | I31: Contexto de la organización | J31: Integridad Pùblica - Corrupción
G32: Fraude | H32: Errores, omisiones, informes inexactos o descripciones incorrectas realizados con culpa o dolo para beneficio personal o de terceros. | I32: Liderazgo del sistema | J32: Integridad Pùblica - LA/FT/FP
G33: Inadecuada gestion de conflicto de intereses | H33: Decidir en un asunto sobre el cual el servidor tiene un interés particular y directo en su regulación, gestión, control o decisión, o lo tuviere su cónyuge, compañero o compañera permanente, o algunos de sus parientes dentro del cuarto grado de consanguinidad, segundo de afinidad o primero civil, o su socio o socios de hecho o de derecho | I33: Planificacion
G34: Corrupcion | H34: Desviar la gestión administrativa o los recursos públicos y privados para obtener un beneficio propio o para un tercero | I34: Operación
G35: Lavado de activos LA, financiacion del terrorismo FT, y financiacion de la proliferacion de armas de destruccion masiva FP | H35: A través de estas prácticas y conductas se compromete la capacidad del Estado para cumplir con sus fines, en la medida que las entidades pueden ser usadas para dar apariencia de legalidad a recursos obtenidos de forma ilícita o ilegal, e incluso para trasladar recursos a personas o grupos que pueden terminar atacando instituciones estatales. | I35: Apoyo

Sheet MATRIZ DE CALOR 
D4: IMPACTO
D5: Leve | E5: Menor | F5: Moderado | G5: Mayor | H5: Catastrófico
B6: PROBABILIDAD | C6: Muy Alta | D6: Alto | E6: Alto | F6: Alto | G6: Alto | H6: Extremo
C7: Alta | D7: Moderado | E7: Moderado | F7: Alto | G7: Alto | H7: Extremo
C8: Media | D8: Moderado | E8: Moderado | F8: Moderado | G8: Alto | H8: Extremo
C9: Baja | D9: Bajo | E9: Moderado | F9: Moderado | G9: Alto | H9: Extremo
C10: Muy Baja | D10: Bajo | E10: Bajo | F10: Moderado | G10: Alto | H10: Extremo

Sheet CONTROL DE CAMBIOS
A1: CONTROL INICIAL
A2: VERSION | B2: FECHA | C2: DESCRIPCION | D2: ELABORÓ | E2: REVISÓ | F2: APROBÓ
A3: 1 | B3: 44443 | C3: Creacion de la matriz de riesgo. | D3: Información no encontrada | E3: Información no encontrada | F3: Información no encontrada
A4: CONTROL DEL CAMBIO
A5: VERSION | B5: FECHA | C5: DESCRIPCION- NATURALEZA DE CAMBIO | D5: ELABORÓ | E5: REVISÓ | F5: APROBÓ
A6: 2 - 7 | B6: Información no encontrada | C6: Información no encontrada | D6: Información no encontrada | E6: Información no encontrada | F6: Información no encontrada
A7: 8 | B7: 45355 | C7: Actualización del membrete en el pie de página, indicando el cambio de la dirección de la sede de Sabanagrande al municipio de Baranoa. Cambia a versión 8 | D7: Apoyo a la gestion SGC -MIPG | E7: Jefe de planeacion | F7: Dirección
A8: 8 | B8: 45371 | C8: Actualización del logo institucional dentro de los diferentes documentos, formatos y procedimientos de cada proceso del Instituto Se mantiene la versión 8 | D8: Apoyo a la gestion SGC -MIPG | E8: Jefe de planeacion | F8: Dirección
A9: 8 | B9: 45454 | C9: Actualización de imagen institucional (logo y membrete) según la Ley 2345 de 2023 Por medio de la cual se implementa el manual de identidad visual de las entidades estatales, se prohíben las marcas de gobierno y se establecen medidas para la austeridad en la publicidad estatal. Se realizan ajustes y eliminación de riesgos, 93 riesgos evaluados. Se mantiene la versión 8 | D9: Apoyo a la gestion SGC -MIPG | E9: Jefe de planeacion | F9: Dirección
A10: 9 | B10: 46235 | C10: Actualizacion de la matriz institucional de riesgos de acuerdo a la version 7 de funcion publica de septiembre de 2025 | D10: Apoyo a la gestion SGC -MIPG | E10: Jefe de planeacion

Sheet calificación_impacto_corrupción
A1: PROBABILIDAD | B1: FRECUENCIA | C1: IMPACTO | E1: RESPUESTA IMPACTO
A2: Casi seguro | B2: Se espera que el evento ocurra en la mayoría de las circunstancias. Más de 1 vez al año | E2: SI
A3: Probable | B3: Es viable que el evento ocurra en la mayoría de las circunstancias. Al menos una vez en el año | E3: NO
A4: Posible | B4: El evento podrá ocurrir en algún momento.Al menos una vez en los últimos 2 años
A5: Improbable | B5: El evento puede ocurrir en algún momento. Al menos una vez en los últimos 5 años
A6: Rara vez | B6: El evento puede ocurrir solo en circunstancias excepcionales (poco comunes o anormales)No se ha presentado en los últimos 5 años
A8: ¿Afectar al grupo de funcionarios del proceso? | B8: ¿Afectar el cumplimiento de metas y objetivos de la dependencia? | C8: ¿Afectar el cumplimiento de misión de la entidad? | D8: ¿Afectar el cumplimiento de la misión del sector al que pertenece la entidad? | E8: ¿Generar pérdida de confianza de la entidad, afectando su reputación? | F8: ¿Generar pérdida de recursos económicos? | G8: ¿Afectar la generación de los productos o la prestación de servicios? | H8: ¿Dar lugar al detrimento de calidad de vida de la comunidad por la pérdida del bien, servicios o recursos públicos? | I8: ¿Generar pérdida de información de la entidad? | J8: ¿Generar intervención de los órganos de control, de la Fiscalía u otro ente? | K8: ¿Dar lugar a procesos sancionatorios? | L8: ¿Dar lugar a procesos disciplinarios? | M8: ¿Dar lugar a procesos fiscales? | N8: ¿Dar lugar a procesos penales? | O8: ¿Generar pérdida de credibilidad del sector? | P8: ¿Ocasionar lesiones físicas o pérdida de vidas humanas? | Q8: ¿Afectar la imagen regional? | R8: ¿Afectar la imagen nacional? | S8: ¿Generar daño ambiental? | T8: IMPACTO
A9: SI | B9: SI | C9: SI | D9: NO | E9: SI | F9: SI | G9: SI | H9: SI | I9: NO | J9: SI | K9: SI | L9: SI | M9: SI | N9: SI | O9: SI | P9: NO | Q9: SI | R9: SI | S9: NO | T9: =COUNTIF(A9:S9,"SI") -> 15
T10: =COUNTIF(A10:S10,"SI") -> 0
T11: =COUNTIF(A11:S11,"SI") -> 0
A23: CRITERIOS DE DISEÑO | H23: CRITERIOS DE EJECUCIÓN
A24: Asignado / NO asignado | B24: Adecuado / Inadecuado | C24: Oportuna / Inoportuna | D24: Prevenir / Detectar / No es control | E24: Confiable / No confiable | F24: Se investigan oportunamente / No se investigan oportunamente | G24: Completa / Incompleta / No existe | H24: Fuerte | I24: cantidad de controles | J24: Controles ayudan a disminuir probabilidad | K24: Controles ayudan a disminuir impacto | M24: Tratamiento
A25: Asignado | B25: Adecuado | C25: Oportuna | D25: Prevenir | E25: Confiable | F25: Se investigan oportunamente | G25: Completa | H25: Moderado | I25: 0 | J25: Directamente | K25: Directamente | M25: Aceptar
A26: No asignado | B26: Inadecuado | C26: Inoportuno | D26: Detectar | E26: No confiable | F26: No se investigan oportunamente | G26: Incompleta | H26: Débil | I26: 1 | J26: No disminuye | K26: No disminuye | M26: Evitar
D27: No es un control | G27: No existe | I27: 2 | K27: Indirectamente | M27: Reducir (Compartir)
A28: Nota: Llenar para establecer el impacto inherente | I28: 3 | M28: Reducir (Mitigar)
I29: 4
I30: 5
I31: 6

Sheet Hoja1
A1: REF | B1: PROCESO | C1: RIESGOS GESTION | D1: RIESGOS SEGURIDAD DE LA INFORMACION | E1: RIESGOS FISCALES | F1: RIESGOS INTEGRIDAD PUBLICA | G1: RIESGOS POR PROCESO
A2: 1 | B2: GERENCIAL | C2: 3 | F2: 1 | G2: 4
A3: =1+A2 -> 2 | B3: Planeación | C3: 6 | G3: 6
A4: =1+A3 -> 3 | B4: REEDUCACION AL CONDUCTOR | C4: 1 | F4: 1 | G4: 2
A5: =1+A4 -> 4 | B5: ADMINISTRATIVO | C5: 2 | E5: 3 | F5: 1 | G5: 6
A6: =1+A5 -> 5 | B6: CONTRACTUAL | D6: 2 | E6: 2 | F6: 1 | G6: 5
A7: =1+A6 -> 6 | B7: GESTION DOCUMENTAL | C7: 2 | D7: 1 | F7: 1 | G7: 4
A8: =1+A7 -> 7 | B8: TIC | D8: 5 | F8: 1 | G8: 6
A9: =1+A8 -> 8 | B9: TODOS LOS PROCESOS | D9: 1 | G9: 1
A10: =1+A9 -> 9 | B10: SEGURIDADE VIAL | C10: 3 | D10: 1 | E10: 1 | G10: 5
A11: =1+A10 -> 10 | B11: CONTRAVENCIONES | C11: 1 | F11: 2 | G11: 3
A12: =1+A11 -> 11 | B12: GESTION FINANCIERA | C12: 6 | D12: 3 | E12: 2 | F12: 3 | G12: 14
A13: =1+A12 -> 12 | B13: TRAMITES | C13: 5 | D13: 2 | F13: 3 | G13: 10
A14: =1+A13 -> 13 | B14: TALENTO HUMANO | C14: 2 | D14: 2 | E14: 1 | F14: 1 | G14: 6
A15: =1+A14 -> 14 | B15: SOPORTE JURIDICO | C15: 4 | E15: 1 | F15: 1 | G15: 6
A16: =1+A15 -> 15 | B16: CONTROL DISCIPLINARIO | C16: 1 | D16: 1 | F16: 1 | G16: 3
A17: =1+A16 -> 16 | B17: GESTION COMERCIAL | C17: 2 | F17: 1 | G17: 3
A18: =1+A17 -> 17 | B18: EVALUACION Y CONTROL | C18: 2 | F18: 1 | G18: 3
C19: =SUM(C2:C18) -> 40 | D19: =SUM(D3:D18) -> 18 | E19: =SUM(E2:E18) -> 10 | F19: =SUM(F2:F18) -> 19 | G19: =SUM(G2:G18) -> 87
